Workbook

Sheet 1
A1: Annex I
A3: N° | M3: Probability | N3: Gravity | O3: Residual
A4: D
A5: D 1 | M5: 1 | N5: 6 | O5: =M5*N5 -> 6
A6: D 2 | M6: 1 | N6: 6 | O6: =M6*N6 -> 6
A7: D 3 | M7: 1 | N7: 6 | O7: =M7*N7 -> 6
A8: D 4 | M8: 1 | N8: 6 | O8: =M8*N8 -> 6
A9: D 5 | M9: 1 | N9: 6 | O9: =N9*M9 -> 6
A10: D 6 | M10: 1 | N10: 6 | O10: =M10*N10 -> 6
A11: D 7 | M11: 1 | N11: 3 | O11: =M11*N11 -> 3
A12: D 8 | M12: 1 | N12: 6 | O12: =M12*N12 -> 6
A13: D 9 | M13: 1 | N13: 6 | O13: =M13*N13 -> 6
A14: D 10 | M14: 1 | N14: 6 | O14: =M14*N14 -> 6
A15: D 11 | M15: 1 | N15: 6 | O15: =M15*N15 -> 6
A16: D 12 | M16: 1 | N16: 6 | O16: =M16*N16 -> 6
A17: D 13 | M17: 1 | N17: 6 | O17: =M17*N17 -> 6
A18: D 14 | M18: 1 | N18: 3 | O18: =M18*N18 -> 3
A19: D 15 | M19: 1 | N19: 6 | O19: =M19*N19 -> 6
A20: D 16 | M20: 1 | N20: 6 | O20: =M20*N20 -> 6
A21: D 17 | M21: 1 | N21: 6 | O21: =M21*N21 -> 6
... A24: D 20 | M24: 1 | N24: 6 | O24: =M24*N24 -> 6

Sheet 2
A1: N° | M1: Residual Probability | N1: Residual Gravity | O1: Residual Risk Level
A2: P (1)
A3: P 1 | M3: 2 | N3: 1 | O3: =N3*M3 -> 2
A4: P 2 | M4: 2 | N4: 1 | O4: =N4*M4 -> 2
A5: P 3 | M5: 2 | N5: 1 | O5: =N5*M5 -> 2
A6: P 4 | M6: 1 | N6: 3 | O6: =N6*M6 -> 3
A7: P 5 | M7: 1 | N7: 3 | O7: =N7*M7 -> 3
A8: P 6 | M8: 2 | N8: 1 | O8: =N8*M8 -> 2
A9: P 7 | M9: 1 | N9: 6 | O9: =N9*M9 -> 6
A10: P 8 | M10: 3 | N10: 1 | O10: =N10*M10 -> 3
A11: P 9 | M11: 2 | N11: 3 | O11: =N11*M11 -> 6
A12: P 10 | M12: 1 | N12: 3 | O12: =N12*M12 -> 3
A13: P 11 | M13: 1 | N13: 3 | O13: =N13*M13 -> 3
A14: P 12 | M14: 1 | N14: 3 | O14: =N14*M14 -> 3
... A22: P 20 | M22: 2 | N22: 3 | O22: =N22*M22 -> 6
A23: P 21 | M23: 2 | N23: 6 | O23: =M23*N23 -> 12
A24: P 22 | M24: 2 | N24: 6 | O24: =M24*N24 -> 12
A25: P 23 | M25: 1 | N25: 6 | O25: =M25*N25 -> 6
A26: P 24 | M26: 2 | N26: 6 | O26: =M26*N26 -> 12
A27: P 25 | M27: 1 | N27: 1 | O27: =N27*M27 -> 1
A28: P 26 | M28: 1 | N28: 3 | O28: =N28*M28 -> 3
A29: P 27 | M29: 2 | N29: 3 | O29: =N29*M29 -> 6
A30: P 28 | M30: 1 | N30: 3 | O30: =N30*M30 -> 3
A31: P 29 | M31: 2 | N31: 3 | O31: =N31*M31 -> 6
A32: P 30 | M32: 1 | N32: 6 | O32: =N32*M32 -> 6
A33: P 31 | M33: 1 | N33: 6 | O33: =N33*M33 -> 6
A34: P 32 | M34: 2 | N34: 3 | O34: =N34*M34 -> 6
A35: P 33 | M35: 2 | N35: 3 | O35: =N35*M35 -> 6
A36: P 34 | M36: 1 | N36: 3 | O36: =M36*N36 -> 3
A37: P 35 | M37: 1 | N37: 6 | O37: =M37*N37 -> 6
A38: P 36 | M38: 2 | N38: 3 | O38: =M38*N38 -> 6
A39: P 37 | M39: 1 | N39: 6 | O39: =M39*N39 -> 6
A40: P 38 | M40: 1 | N40: 3 | O40: =M40*N40 -> 3
A41: P 39 | M41: 2 | N41: 1 | O41: =M41*N41 -> 2
A42: P 40 | M42: 1 | N42: 1 | O42: =M42*N42 -> 1
A43: P 41 | M43: 1 | N43: 6 | O43: =M43*N43 -> 6
A44: P 42 | M44: 1 | N44: 6 | O44: =M44*N44 -> 6
A45: P 43 | M45: 1 | N45: 6 | O45: =M45*N45 -> 6
A46: P 44 | M46: 1 | N46: 6 | O46: =M46*N46 -> 6
A47: P 45 | M47: 1 | N47: 1 | O47: =M47*N47 -> 1
A48: P 46 | M48: 2 | N48: 1 | O48: =M48*N48 -> 2
A49: P 47 | M49: 2 | N49: 1 | O49: =N49*M49 -> 2
A50: P 48 | M50: 1 | N50: 1 | O50: =M50*N50 -> 1
A51: P 49 | M51: 1 | N51: 6 | O51: =M51*N51 -> 6
A52: P 50 | M52: 1 | N52: 6 | O52: =M52*N52 -> 6
A53: P 51 | M53: 1 | N53: 6 | O53: =M53*N53 -> 6
A54: P 52 | M54: 2 | N54: 3 | O54: =M54*N54 -> 6
A55: P 53 | M55: 2 | N55: 3 | O55: =M55*N55 -> 6
A56: P 54 | M56: 2 | N56: 3 | O56: =M56*N56 -> 6
A57: P 55 | M57: 1 | N57: 6 | O57: =M57*N57 -> 6
A58: P C1
A59: P 56 | M59: 1 | N59: 3 | O59: =N59*M59 -> 3
A60: P 57 | M60: 1 | N60: 3 | O60: =N60*M60 -> 3
A61: P 58 | M61: 1 | N61: 6 | O61: =N61*M61 -> 6
A62: P 59 | M62: 1 | N62: 3 | O62: =N62*M62 -> 3
A63: P 60 | M63: 1 | N63: 6 | O63: =N63*M63 -> 6
A64: P 61 | M64: 1 | N64: 3 | O64: =N64*M64 -> 3
A65: P 62 | M65: 2 | N65: 3 | O65: =N65*M65 -> 6
A66: P 63 | M66: 1 | N66: 3 | O66: =N66*M66 -> 3
A67: P 64 | M67: 1 | N67: 3 | O67: =N67*M67 -> 3
A68: P 65 | M68: 1 | N68: 6 | O68: =N68*M68 -> 6
A69: P 66 | M69: 1 | N69: 6 | O69: =N69*M69 -> 6
A70: P 67 | M70: 1 | N70: 6 | O70: =N70*M70 -> 6
... A78: P 75 | M78: 1 | N78: 6 | O78: =N78*M78 -> 6
A79: P C2
A80: P 76 | M80: 1 | N80: 3 | O80: =M80*N80 -> 3
A81: P 77 | M81: 1 | N81: 3 | O81: =M81*N81 -> 3
A82: P 78 | M82: 2 | N82: 3 | O82: =M82*N82 -> 6
A83: P 79 | M83: 1 | N83: 1 | O83: =M83*N83 -> 1
A84: P 80 | M84: 3 | N84: 3 | O84: =M84*N84 -> 9
A85: P (2)
A86: P 81 | M86: 1 | N86: 6 | O86: =M86*N86 -> 6
A87: P 82 | M87: 1 | N87: 6 | O87: =M87*N87 -> 6
A88: P 83 | M88: 2 | N88: 1 | O88: =M88*N88 -> 2
A89: P 84 | M89: 2 | N89: 1 | O89: =M89*N89 -> 2
A90: P 85 | M90: 2 | N90: 1 | O90: =M90*N90 -> 2
A91: P 86 | M91: 1 | N91: 6 | O91: =M91*N91 -> 6
A92: P G
A93: P 87 | M93: 1 | N93: 6 | O93: =M93*N93 -> 6
A94: P 88 | M94: 1 | N94: 6 | O94: =M94*N94 -> 6
A95: P 89 | M95: 2 | N95: 6 | O95: =M95*N95 -> 12

Sheet 3
A1: N° | B1: Stage of the Process | C1: Causes potentielles / initiating causes | D1: Effets potentiels / Harms | E1: Phénomènes dangereux / Hazardous Situation | F1: Probability | G1: Gravity | H1: Risk Level | I1: Acceptable Risk (Yes/No) | J1: Measures /Actions to Control the Risk | K1: References. supportive documents verifying the action | L1: Other Hazards generated | M1: Residual Probability | N1: Residual Gravity | O1: Residual Risk Level | P1: Ratio Benefit / Risk | Q1: Acceptable Residual Risk
A2: PC1Z | B2: Primary packaging risks analysis - BIOCORP
A3: P-Z 1 | B3: Condi BIOCORP | C3: *Manque de formation/sensibilisation du personnel *Problème organisationnel *Manque de communication *Environnement de stockage non adapté *Matériel défaillant (soudure, découpage) *Mauvais choix des paramètres de production *Manque de documentation *Mauvaise qualité de la matière première *Mauvais choix de la matière *Mauvais étiquetage | D3: Lot non conforme : *Non-respect des exigences applicables (clients) *Rappel de lot *Réclamation client | E3: Défaut de conditionnement (primaire et secondaire) | F3: 2 | G3: 2 | H3: =F3*G3 -> 4 | I3: =IF(H3>12,"No","Yes") -> Yes | J3: *Des formations ou des actions de sensibilisation du personnel sont régulièrement réalisées *Les machines de production sont qualifiées par le responsable qualité en accord avec le responsable production *Des autocontrôles et des contrôles journaliers sont réalisés par le personnel *Les produits sont manipulés et stockés dans de bonnes conditions *Le laboratoire de contrôle qualité réalise des tests d'étanchéité, résistance de la soudure, et contrôle de masse sur les produits *La fiche Atelier Produit, QC 98, permet de répertorier les composants, décrire le conditionnement et les étiquettes devant être apposées | K3: *Mode opératoire 6-4/MO-006 Entrée/Sortie matériel et produit en zone à atmosphère contrôlée (ISO 7) *Mode opératoire 7-4/MO-003 Réception des matières premières et fourniture *Mode opératoire 7-5/MO-030 Qualification automates et autres procédés de fabrication *Mode opératoire 7-5/MO-015 Manutention, stockage, conditionnement et livraison *La fiche Atelier Produit, QC 98 | L3: No | M3: 1 | N3: =G3 -> 2 | O3: =M3*N3 -> 2 | P3: B > R | Q3: Yes
A4: P-Z 2 | B4: Condi BIOCORP | C4: *Manque de formation/sensibilisation du personnel *Les règles d'hygiène ne sont pas respectées *La tenue est mal portée *Nettoyage du poste de travail mal réalisé *L'environnement des salles blanches n'est pas maîtrisé *Le vide de ligne mal réalisé *Les flux ne sont pas respectés *Défaut d'étiquetage des machines de production, des poubelles, des bacs et des cartons *Confusions *Absence de documentation | D4: Lot non conforme : *Non-respect des exigences réglementaires ou normatives applicables *Atteinte à la santé-sécurité du patient ou de l'utilisateur final *Tri du lot *Dérogation *Rappel de lot | E4: Contamination matière première / produit | F4: 4 | G4: 6 | H4: =F4*G4 -> 24 | I4: =IF(H4>12,"No","Yes") -> No | J4: *Le vide de ligne doit être effectué selon la check-list QC 166 *Le poste de travail est maintenu rangé et propre par l'équipe de production *Des formations ou des actions de sensibilisation du personnel sont régulièrement réalisées *Avant le départ de production, le contrôle qualité vérifie la propreté et l'organisation du poste de travail *Les équipements et les matières sont correctement identifiés *Le nettoyage des salles blanches est réalisé par une société extérieure à une fréquence définit dans le mode opératoire 6-4/MO-013 Nettoyage et suivi microbiologique des ZAC | K4: *Mode opératoire 6-4/MO-001 Entrée/Sortie en zone de production *Mode opératoire 6-4/MO-002 Travail en zone à atmosphère contrôlée ISO7 *Mode opératoire 6-4/MO-006 Entrée/Sortie matériel et produit en zone à atmosphère contrôlée (ISO 7) *Mode opératoire 6-4/MO-005 Entrée/Sortie du personnel en zone à atmosphère contrôlée (ISO 7) *Mode opératoire 6-4/MO-013 Nettoyage et suivi microbiologique des ZAC *La check-list QC 166 | L4: No | M4: 2 | N4: =G4 -> 6 | O4: =M4*N4 -> 12 | P4: B > R | Q4: Yes
A5: P-Z 3 | B5: Condi BIOCORP | C5: *Manque de formation ou de sensibilisation du personnel *Absence de déclaration de non-conformité *Manque de communication *Absence de traçabilité *Mauvaise délimitation des zones (acceptée, quarantaine, refusée) *Mauvaise identification des pièces, de cartons, ou de la palette correspondant au lot NC *Mauvaise identification des n° de cartons à trier *Quantité de pièces jetée suite au tri non connue *Non-respect des procédures, mode opératoire *Manque de documentation. | D5: Lot non conforme:- Non respect des exigences applicables,- atteinte à la santé-sécurité du patient ou de l'utilisateur final,- non-respect des délais de livraison- Dérogation,- Réclamation client,- Rappel de lot. | E5: Mauvaise maîtrise d'un lot Non-Conforme | F5: 2 | G5: 6 | H5: =F5*G5 -> 12 | I5: =IF(H5>12,"No","Yes") -> Yes | J5: *Des formations ou des actions de sensibilisation du personnel sont régulièrement réalisées *Lors d'une détection de non-conformité le service qualité est informé et ouvre une fiche de non-conformité *L'identification du produit non conforme est tracée grâce à la fiche d'identification du produit NC *Les produits NC sont isolés et identifiés à l'aide de plaquette jaune ou Rouge *Dans le magasin une zone de stockage est dédiée aux produits NC *Lors de tri, le nombre de pièces NC est enregistrée et tracée grâce à la fiche fiche de décompte des produits non conformes *Le responsable qualité est chargé de mettre à jour la GPAO pour assurer le suivi *Si des CAPA sont mises en place, le responsable qualité est chargé d'enregistrer, de suivre et de mesurer l'efficacité des actions | K5: *Procédure 8-3/PG-001 Maîtrise du produit non conforme *Fiche de non-conformité QC 14 *Fiche d'identification du produit NC QC 37 *Fiche de décompte des produits non conformes QC 77 | L5: No | M5: 1 | N5: =G5 -> 6 | O5: =M5*N5 -> 6 | P5: B > R | Q5: Yes
A6: P-Z 4 | B6: Condi BIOCORP | C6: *Manque de formation du personnel *Matière utilisée non conforme ou non libérée *Dégradation de la matière due aux conditions de stockage (température/humidité) *Les zones de stockage sont mal délimitées *Confusion de zone de stockage au magasin *Mauvais étiquetage de la matière *Matière périmée *Absence de documentation spécifiant le type de matière à utiliser | D6: Lot non conforme :- Non respect des exigences du client,- Atteinte à la santé-sécurité du patient ou de l'utilisateur final- Rappel du lot | E6: Utilisation de la mauvaise matière première | F6: 2 | G6: 6 | H6: =F6*G6 -> 12 | I6: =IF(H6>12,"No","Yes") -> Yes | J6: *Fiche de lancement pour identifier les composants nécessaires à la réalisation de la production *Présence d'une fiche d'identification sur la trémie de la machine (Désination de la matière, n° lot interne, n° lot fournisseur) *Vérification du n° lot matière lors du départ de production *Les espaces sont correctement identifiés et délimités à l'aide de pancartes ou de marquage au sol *Le magasinier est responsable de l'intégrité des matières lors du stockage *Le magasinier approvisionne la production et gère les flux de matières *Les matières sont séparées en plusieurs zones délimitées dans le magasin et une note est apposée (acceptées, refusées, quarantaine) *Les techniciens du laboratoire de contrôle réalisent les contrôles et libèrent les matières premières conformes *Les techniciens de production vérifient la conformité des références et du n° lot des matières avant d'alimenter la machine *Le technicien du contrôle qualité valide les actions du technicien de production avant le lancement d'une nouvelle production | K6: *Mode opératoire 7-5/MO-002 Lancement en production *Fiche de lancement QC 30 *Check-list de départ de production QC 90 | L6: No | M6: 1 | N6: =G6 -> 6 | O6: =M6*N6 -> 6 | P6: B > R | Q6: Yes
A7: P-Z 5 | B7: Condi BIOCORP | C7: *Manque de formation du personnel *Non-respect des règles d'hygiène et d'habillage *Utilisation d'une matière première non validée *Utilisation d'une matière première non conforme *Utilisation d'un article de conditionnement non adapté *Machine non qualifiée *Balances mal tarées pour la quantification des tubes *Matériel défaillant *Environnement non maîtrisé (T° et propreté) *Absence de documentation adaptée. | D7: Lot non conforme: *Non-respect du cahier des charges client *Atteinte à la santé-sécurité du patient ou de l'utilisateur final *Dérogation *Tri du lot *Rappel de lot | E7: Conditions de production non respectées | F7: 2 | G7: 6 | H7: =F7*G7 -> 12 | I7: =IF(H7>12,"No","Yes") -> Yes | J7: *La fiche de lancement de fabrication reprend les informations relatives aux matières et aux articles de conditionnements utilisés pour la fabrication *Lors du démarrage d'une production, le contrôle qualité, en accord avec l'équipe de production, s'assure que les paramètres de la machine sont correctement réglés et validés *Lors du démarrage d'une production, le contrôle qualité, en accord avec l'équipe de production, s'assure de la bonne calibration des balances pour la quantification des pièces *Le contrôle qualité est chargé du contrôle et de la libération des matières premières conformes | K7: *Mode opératoire 7-5/MO-002 Lancement en production *Mode opératoire 6-4/MO-002 Travail en zone à atmosphère contrôlée ISO7 *Mode opératoire 6-4/MO-005 Entrée/Sortie du personnel en zone à atmosphère contrôlée (ISO 7) *Mode opératoire 6-4/MO-006 Entrée/Sortie matériel et produit en zone à atmosphère contrôlée (ISO 7) *Check-list de départ de production QC 90 | L7: No | M7: 1 | N7: =G7 -> 6 | O7: =M7*N7 -> 6 | P7: B > R | Q7: Yes
A8: P-Z 6 | B8: Condi BIOCORP | C8: *Manque de formation du personnel *Locaux non adaptés (manque de place) *Machine non qualifiée *Suivi des actions de maintenance non réalisé *Mauvaise identification *Non-respect des procédures et modes opératoires *Manque de documentation. | D8: Lot non conforme: *Non-respect des exigences applicables *Réglages des machines non adaptés au produit fabriqué *Dérogation *Réclamation client | E8: Mauvaise maîtrise et réglage des machines | F8: 4 | G8: 3 | H8: =F8*G8 -> 12 | I8: =IF(H8>12,"No","Yes") -> Yes | J8: *La qualification de la Kalix permet de s'assurer de son bon fonctionnement *Des formations ou des actions de sensibilisation du personnel sont régulièrement réalisées *La machine de production est qualifiée par le responsable qualité en accord avec le responsable de production *La fiche d'intervention permet de tracer et d'enregistrer les actions réalisées (montage, nettoyage, maintenance) | K8: *Mode opératoire 7-5/MO-055 Remplissage sur Kalix *Procédure 7-5/PG-005 Procédure générale de validation *La fiche d'intervention QC 49 | L8: No | M8: 2 | N8: =G8 -> 3 | O8: =M8*N8 -> 6 | P8: B > R | Q8: Yes
A9: P-Z 7 | B9: Condi BIOCORP | C9: *Manque de formation ou de sensibilisation du personnel *Manque de communication *Mauvaise/absence calibration des balances *Compétences non mises à jour *Locaux non adaptés *Environnement de production et de stockage non maîtrisés *Balance non adaptée ou non suivie *Méthodes de contrôle non validées et non documentées *Mauvaise gestion de la traçabilité *Erreur de label | D9: Lot non conforme: *Non-respect des exigences applicables *Atteinte à la santé-sécurité du patient ou de l'utilisateur final *Rappel de lot *Réclamation client | E9: Défaillance des équipements de contrôle | F9: 2 | G9: 6 | H9: =F9*G9 -> 12 | I9: =IF(H9>12,"No","Yes") -> Yes | J9: *Des formations ou des actions de sensibilisation du personnel sont régulièrement réalisées *Les balances sont qualifiées par le responsable qualité en accord avec le responsable production *Les balances sont calibrées par une société extérieure selon une périodicité définie dans la base de données ACCESS "Gestion des ECME" de l'appareil concerné | L9: No | M9: 1 | N9: =G9 -> 6 | O9: =M9*N9 -> 6 | P9: B > R | Q9: Yes
A10: P-Z 8 | B10: Condi BIOCORP | C10: *Manque de formation ou de sensibilisation du personnel *Manque de communication *Problème organisationnel *Compétences non mises à jour *Équipement de contrôle non qualifié *Équipement de contrôle non adapté ou non suivi *Méthodes de contrôle non validées et non documentées *Mauvaise gestion de la traçabilité *Absence de méthode de vérification de la balance | D10: Lot non conforme: *Non-respect des exigences applicables *Atteinte à la santé-sécurité du patient ou de l'utilisateur final *Rappel de lot *Réclamation client | E10: Mauvaise maîtrise des équipements de contrôle | F10: 4 | G10: 6 | H10: =F10*G10 -> 24 | I10: =IF(H10>12,"No","Yes") -> No | J10: *Des formations ou des actions de sensibilisation du personnel sont régulièrement réalisées *Les balances sont qualifiées par le responsable qualité en accord avec le responsable production *Les balances sont calibrées par une société extérieure selon une périodicité définie dans la base de données ACCESS "Gestion des ECME" de l'appareil concerné | L10: No | M10: 2 | N10: =G10 -> 6 | O10: =M10*N10 -> 12 | P10: B > R | Q10: Yes
A11: P-Z 9 | B11: Condi BIOCORP | C11: *Manque de formation ou de sensibilisation du personnel *Non-respect des règles applicables au travail en ZAC, (hygiène, tenue) *Personnel malade en contact avec les produits *Nettoyage mal réalisé *Défaillance des systèmes de filtration d'air ou de maintien de pressions *Non-respect des flux de matières ou de produits *Non-respect de la délimitation des différentes zones (zone bleue et zone blanche) *Introduction de matières non décontaminées *Introduction d'équipements ou des matériels mal nettoyés *Non-respect des procédures, modes opératoires *Manque de documentation. | D11: Lot non conforme: *Non-respect des exigences applicables *Atteinte à la santé-sécurité du patient ou de l'utilisateur final *Dérogation *Tri du lot Rappel de lot | E11: Mauvaise maîtrise de l'environnement des Zones à atmosphère contrôlée | F11: 2 | G11: 6 | H11: =F11*G11 -> 12 | I11: =IF(H11>12,"No","Yes") -> Yes | J11: *Des formations ou des actions de sensibilisation du personnel sont régulièrement réalisées *Seules les personnes ayant suivi une formation ont l'autorisation de travailler en ZAC *Dans certains cas, une personne malade susceptible de travailler en ZAC doit porter un masque pour limiter les risques de contaminations *Les salles blanches sont contrôlées mensuellement par le contrôle qualité (microbio+particule) *La pression à l'intérieur des salles est mesurée et vérifiée *Les salles blanches sont qualifiées annuellement par un prestataire externe *Le nettoyage des salles est réalisé par un prestataire selon les fréquences décrites dans le mode opératoire *La salle blanche est divisée en différentes parties (SAS personne, SAS produit) afin de préserver les flux *Les SAS sont séparés en deux zones (bleue et blanche) afin de garantir un environnement propre *Le magasinier est chargé de décontaminer les produits avant de les introduire dans le SAS | K11: *Mode opératoire 6-4/MO-013 Nettoyage et suivi microbiologique des zones à atmosphère contrôlée | L11: No | M11: 1 | N11: =G11 -> 6 | O11: =M11*N11 -> 6 | P11: B > R | Q11: Yes
A12: P-Z 10 | B12: Condi BIOCORP | C12: *Manque de formation/sensibilisation du personnel *Problème organisationnel (manque de temps ou de personnel) *Absence de réalisation des autocontrôles et des contrôles journaliers *Manque de communication *Fréquence de réalisation des autocontrôles non respectée *Absence de défauthéque *Défaut non détectable à l'oeil nu *Les paramètres de la machine se sont déréglés | D12: Lot non conforme : *Non-respect des exigences réglementaires ou normatives applicables *Atteinte à la santé du patient ou de l'utilisateur final *Tri du lot *Dérogation *Rappel de lot | E12: Défaut d’un produit non détecté lors de la fabrication | F12: 4 | G12: 6 | H12: =F12*G12 -> 24 | I12: =IF(H12>12,"No","Yes") -> No | J12: *Des formations ou des actions de sensibilisation du personnel sont régulièrement réalisées *Une défauthéque est régulièrement mise à jour et est diffusée au personnel de production *Le personnel de production est formé à la détection de produits non conformes *Le personnel de production doit réaliser des autocontrôles à interval régulier et enregistré les résultats sur la QC 33 *Des échantillons sont prélevés au cours de la production et sont contrôlés par le contrôle qualité | K12: *QC 33 Fiche journalière d'auto-contrôle *Une défauthéque QC 156 | L12: No | M12: 1 | N12: =G12 -> 6 | O12: =M12*N12 -> 6 | P12: B > R | Q12: Yes
A13: P-Z 11 | B13: Condi BIOCORP | C13: *Manque de sensibilisation du personnel, *Erreur de saisie *Confusions *Absence de visa *Défaut d'étiquetage *Mauvais n° de lot inscrit sur les étiquettes *Mauvais n° de lot et date de péremption marqués sur les tubes *Inversion d'étiquette *Dossier de lot incomplet *Fiche de fabrication incomplète *Défaillance de la GPAO | D13: Confusions : *Apparition de produits non conforme *Contamination des produits *Erreur de livraison *Rappel de lot | E13: Mauvaise gestion de la traçabilité | F13: 4 | G13: 6 | H13: =F13*G13 -> 24 | I13: =IF(H13>12,"No","Yes") -> No | J13: *Des formations ou des actions de sensibilisation du personnel sont régulièrement réalisées *Les étiquettes sont contrôlées par le contrôle qualité avant d'être imprimées et utilisées en production *En fin de production, une réconciliation des étiquettes est réalisée *Les fiches journalières de production sont remplies par l'équipe de production et assurent le suivi de la production | K13: *Procédure 7-5/PG-001 Identification et traçabilité *Mode opératoire 7-5/MO-002 Constitution d'un dossier de lot *Mode opératoire 7-5/MO-014 Édition des étiquettes de production *Mode opératoire 7-5/MO-031 Création des étiquettes d'identification des produits *QC 75 Fiche de gestion des étiquettes *QC 29 Fiche journalière de fabrication | L13: No | M13: 1 | N13: =G13 -> 6 | O13: =M13*N13 -> 6 | P13: B > R | Q13: Yes
A14: P-Z 12 | B14: Condi BIOCORP | C14: *Les contrôles ne sont pas réalisés *Les méthodes de contrôle ne sont pas maîtrisées par les techniciens *Le prélèvement des pièces de contrôle ne respecte pas le plan d'échantillonnage *Les méthodes de contrôle ne sont pas adaptées ou sont erronées *Le matériel mis à disposition n'est pas adapté pour le contrôle du produit *Manque de formation du personnel *Utilisation d'un logiciel ou d'un fichier Excel non validé. | D14: *Non-respect des exigences réglementaires et normatives applicables *Atteinte à la santé-sécurité du patient ou de l'utilisateur final *Réclamation client *Rappel de lot | E14: Non-détection d'un produit NC | F14: 2 | G14: 6 | H14: =F14*G14 -> 12 | I14: =IF(H14>12,"No","Yes") -> Yes | J14: *Des formations ou des actions de sensibilisation du personnel sont régulièrement réalisées *Les contrôles sont réalisés journalièrement par le service qualité et sont enregistrés sur une fiche QC 34. *Les techniciens du laboratoire sont formés pour réaliser les contrôles des produits suivant la gamme de contrôle QC 31 *Le plan d'échantillonnage est déterminé suivant la norme ISO 2859 Règles d'échantillonnage pour les contrôles par attributs *Les méthodes de contrôle sont mises à jour régulièrement et adaptées aux produits *Un mode opératoire spécifie le besoin de valider les feuilles Excel | K14: *Procédure 8-3/PG-001 maîtrise du produit non conforme *Procédure 8-2/PG-002 Libération de lots *Fiche d'enregistrement QC 34 *Fiche gamme de contrôle QC 31 *Mode opératoire 8-2/MO-002 Échantillonnage *Le mode opératoire 7-5/MO-033 Création d'une feuille de calcul Excel | L14: No | M14: 1 | N14: =G14 -> 6 | O14: =M14*N14 -> 6 | P14: B > R | Q14: Yes
A15: P-Z 13 | B15: Condi BIOCORP | C15: *Non-respect de la fréquence d'étalonnage des équipements *Non-respect des conditions d'étalonnage des équipements *Absence de vérification des équipements de contrôle *Absence d'analyse et d'enregistrements des données *Étalons non adaptés *Les équipements ne sont pas correctement identifiés *Manque de formation ou de sensibilisation du personnel *Mauvaise gestion/archivage des certificats d'étalonnage *Absence de MàJ de la base de données ACCESS "Gestion des ECME" *Absence de traçabilité lors de l'intervention d'un fournisseur ou prestataire responsable de l'étalonnage | D15: *Non-respect des exigences réglementaires et normatives applicables *Panne d'équipements *Contrôles impossibles à réaliser *Résultats de contrôles erronés | E15: Absence de maîtrise des équipements du laboratoire | F15: 2 | G15: 2 | H15: =F15*G15 -> 4 | I15: =IF(H15>12,"No","Yes") -> Yes | J15: *Des formations ou des actions de sensibilisation du personnel sont régulièrement réalisées *Le responsable qualité est chargé des équipements du laboratoire *Les techniciens doivent s'assurer que les équipements sont bien étalonnés *Les équipements sont identifiés à l'aide d'une étiquette de validité d'étalonnage *Les équipements sont identifiés à l'aide d'un N° interne *Les certificats d'étalonnage sont archivés *Présence d'une fiche de vérification pour assurer la traçabilité des résultats de vérification des appareils *Le responsable qualité est chargé de réunir et de conserver l'ensemble des informations transmises par le fournisseur *Un planning d'étalonnage des équipements est mis en place et il est revu régulièrement | K15: *Procédure 7-6/MO-001 Identification et maîtrise des équipements de contrôle *Mode opératoire 7-6/MO-002 Étalonnage de l'étuve et de l'incubateur *Fiche de vérification QC 87 | L15: No | M15: 1 | N15: =G15 -> 2 | O15: =M15*N15 -> 2 | P15: B > R | Q15: Yes
A16: P-Z 14 | B16: Condi BIOCORP | C16: *Manque de sensibilisation du personnel aux règles d'hygiène *Le compteur particulaire n'est pas adapté *Les zones de prélèvement d'air ne sont pas clairement identifiées *Les résultats du comptage particulaire ne sont pas analysés et ne sont pas enregistrés *La fréquence de réalisation des contrôles n'est pas respectée *Les résultats sont NC, mais aucune action n'est mise en place | D16: *Contamination matières premières *Dégradation de la qualité des produits et de l'environnement des ZAC | E16: Absence de maîtrise de la qualité de l'air des ZAC | F16: 2 | G16: 2 | H16: =F16*G16 -> 4 | I16: =IF(H16>12,"No","Yes") -> Yes | J16: *Des formations ou des actions de sensibilisation du personnel sont régulièrement réalisées *Les techniciens du laboratoire sont chargés de réaliser et d'enregistrer les contrôles particulaires *Les contrôles particulaires sont réalisés mensuellement *Les résultats sont analysés suivant la norme ISO 14 644 *Les prélèvements d'air sont effectués suivant un nombre de points et des positions définies *Le compteur particulaire est qualifié *Si les seuils indiqués par la norme ISO 14 644 sont dépassés, des actions sont mises en place *La fiche assure la traçabilité et l'enregistrement des résultats | K16: *Mode opératoire 6-4/MO-012 Contrôle particulaire des ZAC *Fiche enregistrement et suivi de contrôle particulaire QC 41 | L16: No | M16: 1 | N16: =G16 -> 2 | O16: =M16*N16 -> 2 | P16: B > R | Q16: Yes
A17: P-Z 15 | B17: Condi BIOCORP | C17: *Manque de formation du personnel *Les géloses utilisées sont dégradées et ne peuvent pas être utilisées *Confusion entre les différentes géloses (lev/moisissures et germes totaux) *Absence de témoin pour valider les résultats *Mauvaise identification des géloses *Zones à prélever ne sont pas correctement identifiées *Les conditions d'incubations ne sont pas respectées *Les résultats obtenus ne sont pas analysés et ne sont pas enregistrés Les résultats sont NC et aucune action n'a été mise en place | D17: *Dégradation de la qualité des produits et de l'environnement des ZAC | E17: Absence de maîtrise de la biocontamination des ZAC | F17: 2 | G17: 2 | H17: =F17*G17 -> 4 | I17: =IF(H17>12,"No","Yes") -> Yes | J17: *Des formations ou des actions de sensibilisation du personnel sont régulièrement réalisées *Les prélèvements sont réalisés mensuellement suivant la fiche QC 147 *Les techniciens du laboratoire sont chargés de réaliser et d'enregistrer les contrôles microbiologiques *Les géloses disposent d'un certificat de conformité par lot *Les géloses sont stockées au réfrigérateur pour limiter leur dégradation *Les résultats sont enregistrés sur la fiche QC 146 *En cas de résultat non conforme, le responsable qualité est chargé de mettre en place des actions correctives | K17: *Mode opératoire 6-4/MO-013 Nettoyage et suivi microbiologique des zones à atmosphère contrôlée *Zones de prélèvement de mesure de biocontamination en ZAC QC 147 *Enregistrement de la contamination microbiologique QC 146 | L17: No | M17: 1 | N17: =G17 -> 2 | O17: =M17*N17 -> 2 | P17: B > R | Q17: Yes
A18: P-Z 16 | B18: Condi BIOCORP | C18: *Non-respect de la norme ISO 2 859 *Le plan d'échantillonnage appliqué n'est pas adapté au lot fabriqué *Les prélèvements n'ont pas été réalisés correctement *Manque de formation du personnel *Manque de communication entre le contrôle et la production | D18: *Erreur de jugement sur la conformité d'un lot *Libération d'un lot NC *Atteinte à la santé et à la sécurité du patient ou de l'utilisateur final | E18: Les échantillons contrôlés ne sont pas représentatifs du lot | F18: 2 | G18: 2 | H18: =F18*G18 -> 4 | I18: =IF(H18>12,"No","Yes") -> Yes | J18: *Des formations ou des actions de sensibilisation du personnel sont régulièrement réalisées *La taille du lot est définie avant la fabrication *Les techniciens du laboratoire, en accord avec le responsable qualité, définissent le plan d'échantillonnage *Le plan d'échantillonnage suit la norme ISO 2 859 *Le plan d'échantillonnage est communiqué au personnel de production pour le prélèvement des pièces | L18: No | M18: 1 | N18: =G18 -> 2 | O18: =M18*N18 -> 2 | P18: B > R | Q18: Yes
A19: P-Z 17 | B19: Condi BIOCORP | C19: *Manque de formation du personnel *Manque de communication *Résultats de contrôle erronés *Confusion entre deux dossiers de lot *Erreurs de saisies *Mauvaise gestion de la traçabilité *Manque de formation du personnel *Dossier de lot incomplet | D19: *Non-respect des exigences réglementaires et normatives applicables *Atteinte à la santé-sécurité du patient ou de l'utilisateur final *Réclamation client *Rappel de lot | E19: Validation d'un dossier de lot non conforme | F19: 2 | G19: 6 | H19: =F19*G19 -> 12 | I19: =IF(H19>12,"No","Yes") -> Yes | J19: *Le service qualité est chargé d'éditer les documents du dossier de lot *Le service qualité est chargé de la récolte des documents constituant le dossier de lot *Les techniciens de laboratoire s'assurent que l'ensemble des documents cités sur la QC 68 sont présent dans le dossier de lot et atteste cette vérification avec un visa *Les techniciens du laboratoire sont chargés de vérifier que les documents constituant le dossier de lot sont correctement remplis *L'ensemble des documents du dossier de lot possède le n° OF, le n° lot du produit fabriqué et la désignation du produit pour limiter les confusions *Les techniciens du laboratoire sont formés pour réaliser le contrôle des produits *Une double vérification du dossier est réalisée : les techniciens du laboratoire vérifient le dossier et par la suite le responsable qualité le valide | K19: *Mode opératoire : 4-2/MO-002 Constitution d'un dossier de lot *QC 68 dossier de fab | L19: No | M19: 1 | N19: =G19 -> 6 | O19: =M19*N19 -> 6 | P19: B > R | Q19: Yes
A20: P-Z 18 | B20: Condi BIOCORP | C20: *Manque de formation/sensibilisation du personnel *Manque de communication *Problème organisationnel *Absence de méthode d'identification *Absence de concordance entre n°lot fournisseur et n° lot interne *Mauvaise gestion des étiquettes *Dossier de lot incomplet *Imprimante étiquette tombe en panne *Les matières, articles, machines, etc non identifiés *Échantillons prélevés ne sont pas identifiés *Pertes informatiques *Erreurs de saisies | D20: *Mauvaise identification d'un lot ou d'un produit *Confusions *Libération de produit, matières ou lot NC | E20: Mauvaise gestion de la traçabilité | F20: 4 | G20: 6 | H20: =F20*G20 -> 24 | I20: =IF(H20>12,"No","Yes") -> No | J20: *Le service qualité vérifie les étiquettes avant qu'elles soient utilisées en production *Les échantillons prélevés sont identifiés à l'aide d'une étiquette QC 66 *Les produits sont identifiés à l'aide d'un n° de lot unique *Les étiquettes sont gérées par le service qualité | K20: *Procédure 7-5/PG-001 Identification et traçabilité *Étiquette de prélèvement QC 66 | L20: No | M20: 2 | N20: =G20 -> 6 | O20: =M20*N20 -> 12 | P20: B > R | Q20: Yes
A21: P-Z 19 | B21: Condi BIOCORP | C21: *Manque de formation du personnel *Manque de communication *Problème organisationnel *Manque d'information *Le protocole de qualification n'est pas adapté à la machine *L'enregistrement des tests de qualification n'est pas réalisé | D21: Mauvaise gestion de la qualification de la machine de production : *Impact sur la qualité du produit final *Le produit ne répond pas au cahier des charges *Lot non conforme *Non-respect des exigences réglementaires ou normatives applicables | E21: Défaillance dans le système de qualification de la machine | F21: 2 | G21: 2 | H21: =F21*G21 -> 4 | I21: =IF(H21>12,"No","Yes") -> Yes | J21: *Le protocole de qualification est rédigé par le responsable qualité en accord avec le responsable de production *Le protocole de qualification tient compte des spécifications (produits + machine) *Le rapport de qualification est rédigé par le responsable qualité en accord avec le responsable de production *Le protocole et le rapport sont archivés selon les règles décrites dans la procédure | K21: *Procédure générale 7-5/PG-005 Procédure générale de validation *Mode opératoire 7-5/MO-030 Qualification des automates de production et autres procédés de production *QC 111 Plan directeur de validation | L21: No | M21: 1 | N21: =G21 -> 2 | O21: =M21*N21 -> 2 | P21: B > R | Q21: Yes
A22: P-Z 20 | B22: Condi BIOCORP | C22: *Absence d'analyse des relevés de température *Enregistrements des contrôles de surveillance non réalisés *Manque de formation du personnel *Locaux non adaptés | D22: *Non-respect des exigences réglementaires et normatives applicables *Température et humidité non stables *Résultat de tests erronés- Dégradation des produits. | E22: Absence de maîtrise de l'environnement du laboratoire | F22: 2 | G22: 1 | H22: =F22*G22 -> 2 | I22: =IF(H22>12,"No","Yes") -> Yes | J22: *Des formations ou des actions de sensibilisation du personnel sont régulièrement réalisées *Une société extérieure est chargée du nettoyage du laboratoire *La température du laboratoire est relevée et enregistrée en continu *Pour les tests nécessitant une maîtrise de la température, des enceintes climatiques sont utilisées | L22: No | M22: 1 | N22: =G22 -> 1 | O22: =M22*N22 -> 1 | P22: B > R | Q22: Yes
A23: P-Z 21 | B23: Condi BIOCORP | C23: *Manque de formation du personnel *Manque de place aux archives *Délai d'archivage non spécifié *Dégradation ou perte des échantillons. | D23: *Non-respect des exigences réglementaires et normatives applicables *Non-maîtrise de la traçabilité *Non-maîtrise de la conservation des enregistrements *Absence d'échantillothèque | E23: Non-respect des délais d'archivage des produits | F23: 2 | G23: 2 | H23: =F23*G23 -> 4 | I23: =IF(H23>12,"No","Yes") -> Yes | J23: *Les techniciens du laboratoire sont chargés de la conservation des échantillons *Un lieu de stockage est dédié à la conservation des échantillons *Le service qualité est chargé de respecter la durée d'archivage des échantillons *Une revue annuelle est effectuée pour le tri | K23: *Mode opératoire : 8-2/MO-002 Échantillonnage | L23: No | M23: 1 | N23: =G23 -> 2 | O23: =M23*N23 -> 2 | P23: B > R | Q23: Yes
A24: P I | B24: Ionisation risks analysis - IONISOS
A25: P-I 1 | B25: Gamma Radiation | C25: Inadequate (method not adapted) decontamination of plant extracts premix | D25: *Contaminated product | E25: *Infection | F25: 1 | G25: 6 | H25: =F25*G25 -> 6 | I25: =IF(H25>12,"No","Yes") -> Yes | J25: *Gamma ionisation is a validated, established and accepted method of decontamination in the food industry used on various plant or non-plant materials with no adverse impact on their intrinsic quality *Gamma Ionisation process and dose have been validated: 5-15 kgrays dose ensure efficient decontamination. *Stability reports on FP show that the end MDs containing the plant extracts/premixes remain free of contamination throughout their shelf life *Microbiological analysis on FP allows to detect any contamination, and prevent such batch from being release | K25: *Ionisation process validation study Report *P2-8 contrôle des marchandises-vrac-PSO & PF-En-voi en ionisation et pour analyse | L25: No | M25: 1 | N25: =G25 -> 6 | O25: =N25*M25 -> 6 | P25: B > R | Q25: Yes
A26: P-I 2 | B26: Gamma Radiation | C26: Alteration of the device composition | D26: *Degradation of ingredients | E26: *Minor side effect *Aggravated condition *Inefficacious treatment | F26: 2 | G26: 3 | H26: =F26*G26 -> 6 | I26: =IF(H26>12,"No","Yes") -> Yes | J26: *Ionisation dose has been validated: 5-15 kgrays dose ensures efficient decontamination while not presenting any deleterious impact on plant extracts quality / specifications / cytotoxic potential / filmogenic functions *HPL chromatography verifies that ionised and non-ionised plant extracts have identical, perfectly overlapping profiles, with no new peak nor any alteration, confirming that Gamma Ionisation has no undesirable impact on the plant extract characteristics. | K26: *R-Impact of Ionisation *Report RE-Ionisation-Premix-01 | L26: No | M26: 1 | N26: =G26 -> 3 | O26: =N26*M26 -> 3 | P26: B > R | Q26: Yes
A27: P-I 3 | B27: Gamma Radiation | C27: Alteration of plant extracts: excipient filmogenic functions altered | D27: *Excipient filmogenic function increased *End product more or less filmogen than intended: Increased viscosity or reduce performance | E27: *Ineffective product *Difficulty in the product delivery | F27: 2 | G27: 3 | H27: =F27*G27 -> 6 | I27: =IF(H27>12,"No","Yes") -> Yes | J27: *Ionisation dose has been validated: 5-15 kgrays dose ensures efficient decontamination while not presenting any deleterious impact on plant extracts quality / specifications / cytotoxic potential / filmogenic functions *HPL chromatography verifies that ionised and non-ionised plant extracts have identical, perfectly overlapping profiles, with no new peak nor any alteration, confirming that Gamma Ionisation has no undesirable impact on the plant extract characteristics | K27: *R-Impact of Ionisation *Report RE-Ionisation-Premix-01. | L27: No | M27: 1 | N27: =G27 -> 3 | O27: =N27*M27 -> 3 | P27: B > R | Q27: Yes
A28: P-I 4 | B28: Ionisos | C28: Approbation de traitement : libération informatique de la Fiche de traitement | D28: *Libération papier sur dossier, mais non réalisation de la libération informatique | E28: *Absence de certificat de traitement | F28: 1 | G28: 1 | H28: =F28*G28 -> 1 | I28: =IF(H28>12,"No","Yes") -> Yes | J28: *Le risque est jugé acceptable par le sous-traitant, aucune mesure n'a été mise en place | K28: / | M28: =F28 -> 1 | N28: =G28 -> 1 | O28: =H28 -> 1 | P28: B > R | Q28: Yes
A29: P-I 5 | B29: Ionisos | C29: Saisie activité sur les Bon de traitement | D29: *Activité sur Bon de traitement maintenant pas ou mal renseignée | E29: *Absence de traçabilité de la maintenance | F29: 1 | G29: 3 | H29: =F29*G29 -> 3 | I29: =IF(H29>12,"No","Yes") -> Yes | J29: *Le risque est jugé acceptable par le sous-traitant, aucune mesure n'a été mise en place | K29: / | M29: =F29 -> 1 | N29: =G29 -> 3 | O29: =H29 -> 3 | P29: B > R | Q29: Yes
A30: P-I 6 | B30: Ionisos | C30: Saisie activité sur Bon de traitement | D30: *Activité sur Bon de traitement liée à l'étalonnage pas ou mal renseignée | E30: *Absence de traçabilité étalonnage dans la GMAO | F30: 1 | G30: 3 | H30: =F30*G30 -> 3 | I30: =IF(H30>12,"No","Yes") -> Yes | J30: *Le risque est jugé acceptable par le sous-traitant, aucune mesure n'a été mise en place | K30: / | M30: =F30 -> 1 | N30: =G30 -> 3 | O30: =H30 -> 3 | P30: B > R | Q30: Yes
A31: P-I 7 | B31: Ionisos | C31: Validation de la fin de revue de contrat sur la GPAO | D31: *Validation de la revue de contrat sans vérification | E31: *Autorisation de traiter alors que les conditions de traitement n'ont pas été revues | F31: 1 | G31: 3 | H31: =F31*G31 -> 3 | I31: =IF(H31>12,"No","Yes") -> Yes | J31: *Le risque est jugé acceptable par le sous-traitant, aucune mesure n'a été mise en place | K31: / | M31: =F31 -> 1 | N31: =G31 -> 3 | O31: =H31 -> 3 | P31: B > R | Q31: Yes
A32: P-I 8 | B32: Ionisos | C32: Création de la commande prévisionnelle dans la GPAO | D32: *Erreur lors de la saisie | E32: *Certificat de traitement erroné (numéro de lot manquant…) | F32: 4 | G32: 3 | H32: =F32*G32 -> 12 | I32: =IF(H32>12,"No","Yes") -> Yes | J32: *Le risque est jugé acceptable par le sous-traitant, aucune mesure n'a été mise en place | K32: / | M32: =F32 -> 4 | N32: =G32 -> 3 | O32: =H32 -> 12 | P32: B > R | Q32: Yes
A33: P-I 9 | B33: Ionisos | C33: Information client (mail, fax,…) | D33: *Non-conformité non déclarée au client | E33: *Client non informé | F33: 1 | G33: 6 | H33: =F33*G33 -> 6 | I33: =IF(H33>12,"No","Yes") -> Yes | J33: *Le risque est jugé acceptable par le sous-traitant, aucune mesure n'a été mise en place | K33: / | M33: =F33 -> 1 | N33: =G33 -> 6 | O33: =H33 -> 6 | P33: B > R | Q33: Yes
A34: P-I 10 | B34: Ionisos | C34: Création de la Fiche de traitement | D34: *Informations reprises sur la Fiche de traitement erronée par rapport à la commande | E34: *Conditions de traitement erronées | F34: 1 | G34: 6 | H34: =F34*G34 -> 6 | I34: =IF(H34>12,"No","Yes") -> Yes | J34: *Le risque est jugé acceptable par le sous-traitant, aucune mesure n'a été mise en place | K34: / | M34: =F34 -> 1 | N34: =G34 -> 6 | O34: =H34 -> 6 | P34: B > R | Q34: Yes
A35: P-I 11 | B35: Ionisos | C35: Programmation des fréquences d'étalonnage dans la GMAO | D35: *Fréquence d'étalonnage non respectée | E35: *Date d'étalonnage non respectée | F35: 1 | G35: 3 | H35: =F35*G35 -> 3 | I35: =IF(H35>12,"No","Yes") -> Yes | J35: *Le risque est jugé acceptable par le sous-traitant, aucune mesure n'a été mise en place | K35: / | M35: =F35 -> 1 | N35: =G35 -> 3 | O35: =H35 -> 3 | P35: B > R | Q35: Yes
A36: P-I 12 | B36: Ionisos | C36: Repalettisassions des produits pour expédition | D36: *Manutention des produits | E36: *Dégradation des produits | F36: 4 | G36: 3 | H36: =F36*G36 -> 12 | I36: =IF(H36>12,"No","Yes") -> Yes | J36: *Le risque est jugé acceptable par le sous-traitant, aucune mesure n'a été mise en place | K36: / | M36: =F36 -> 4 | N36: =G36 -> 3 | O36: =H36 -> 12 | P36: B > R | Q36: Yes
A37: P-I 13 | B37: Ionisos | C37: Manipulation des palettes | D37: *Mauvaise utilisation du matériel, erreur de manipulation | E37: *Dégradation des produits | F37: 4 | G37: 3 | H37: =F37*G37 -> 12 | I37: =IF(H37>12,"No","Yes") -> Yes | J37: *Le risque est jugé acceptable par le sous-traitant, aucune mesure n'a été mise en place | K37: / | M37: =F37 -> 4 | N37: =G37 -> 3 | O37: =H37 -> 12 | P37: B > R | Q37: Yes
A38: P-I 14 | B38: Ionisos | C38: Lecture des dosimètres | D38: *Absence de document ou mauvais remplissage du document concernant les doses aberrantes à relire | E38: *Demande de relecture d'une dose aberrante non tracée et risque de relecture d'un mauvais dosimètre | F38: 2 | G38: 3 | H38: =F38*G38 -> 6 | I38: =IF(H38>12,"No","Yes") -> Yes | J38: *Le risque est jugé acceptable par le sous-traitant, aucune mesure n'a été mise en place | K38: / | M38: =F38 -> 2 | N38: =G38 -> 3 | O38: =H38 -> 6 | P38: B > R | Q38: Yes
A39: P-I 15 | B39: Ionisos | C39: Saisie sur les supports d'enregistrement | D39: *Document renseigné, mais opération de maintenant pas ou mal réalisé | E39: *Dérive de l'équipement | F39: 1 | G39: 3 | H39: =F39*G39 -> 3 | I39: =IF(H39>12,"No","Yes") -> Yes | J39: *Le risque est jugé acceptable par le sous-traitant, aucune mesure n'a été mise en place | K39: / | M39: =F39 -> 1 | N39: =G39 -> 3 | O39: =H39 -> 3 | P39: B > R | Q39: Yes
... A78: P-I 54 | B78: Ionisos | C78: Rédaction du CR de QP | D78: *Erreur dans l'interprétation des résultats | E78: *Traitement selon des critères NC | F78: 1 | G78: 3 | H78: =F78*G78 -> 3 | I78: =IF(H78>12,"No","Yes") -> Yes | J78: *Le risque est jugé acceptable par le sous-traitant, aucune mesure n'a été mise en place | K78: / | M78: =F78 -> 1 | N78: =G78 -> 3 | O78: =H78 -> 3 | P78: B > R | Q78: Yes
A79: PC2A | B79: Secondary packaging risks analysis - ADAPEI
A80: P-A 1 | B80: Secondary packaging: Insertion dans la boîte | C80: Mauvaise mise en place | D80: *Boîte abimée *Informations illisibles *Produit inutilisable | E80: *Effet mineur *Absence d'amélioration de l'état du patient *Condition aggravée | F80: 2 | G80: 3 | H80: =F80*G80 -> 6 | I80: =IF(H80>6,"No","Yes") -> Yes | J80: * Observation visuelle et contrôle par les Personnes accompagnées (PA) * Contrôle des articles d'emballage à chaque étape de fabrication et avant la libération des lots * Des informations importantes sont reportées sur chaque article d'emballage (notice, contenant, boîte) | K80: * INS QT 001 Gamme de fabrication et de contrôle * Bon de commande * Échantillon fourni par VITROBIO *ENR QT 039 Fiche de suivi conditionnement paramédical | L80: Yes | M80: 1 | N80: 1 | O80: =M80*N80 -> 1 | P80: B > R | Q80: Yes
A81: P-A 2 | B81: Secondary packaging: Insertion dans la boîte | C81: Boîte incorrecte | D81: *Présence de produit différent de ce qui est attendu *Produit inutilisable | E81: *Effet mineur *Absence d'amélioration de l'état du patient *Condition aggravée | F81: 1 | G81: 1 | H81: =F81*G81 -> 1 | I81: =IF(H81>6,"No","Yes") -> Yes | J81: * Observation visuelle et contrôle par les Personnes accompagnées (PA) * Vérification par les opérateurs qui alertent le moniteur de la non-cohérence et les opérations sont arrêtées * Contrôle des articles d'emballage à chaque étape de fabrication et avant la libération des lots * Vide de ligne, contrôles en cours | K81: * INS QT 001 Gamme de fabrication et de contrôle * Bon de commande * Échantillon fourni par VITROBIO *ENR QT 039 Fiche de suivi conditionnement paramédical | L81: Yes | M81: 1 | N81: =G81 -> 1 | O81: =M81*N81 -> 1 | P81: B > R | Q81: Yes
A82: P-A 3 | B82: Secondary packaging: Insertion dans la boîte | C82: Boîte vide | D82: *Produit inutilisable | E82: *Absence d'amélioration de l'état du patient | F82: 2 | G82: 3 | H82: =F82*G82 -> 6 | I82: =IF(H82>6,"No","Yes") -> Yes | J82: * Observation visuelle et contrôle par les Personnes accompagnées (PA) * Contrôles pendant le processus d'emballage et avant la sortie * Échantillonnage aléatoire / Pas de contrôle à 100% | K82: * INS QT 001 Gamme de fabrication et de contrôle * Bon de commande * Échantillon fourni par VITROBIO *ENR QT 039 Fiche de suivi conditionnement paramédical * ENR QT PC 012 Tableau de polyvalence des PA | L82: Yes | M82: 1 | N82: 1 | O82: =M82*N82 -> 1 | P82: B>R | Q82: Yes
A83: P-A 4 | B83: Secondary packaging: Insertion de la notice | C83: *Mauvaise notice / language *Notice incorrecte | D83: *Mauvaise posologie *Utilisation différente de l'utilisation indiquée prévue | E83: *Effet mineur *Absence d'amélioration de l'état du patient *Condition aggravée | F83: 1 | G83: 1 | H83: =F83*G83 -> 1 | I83: =IF(H83>6,"No","Yes") -> Yes | J83: * Observation visuelle et contrôle par les opérateurs * Contrôle des articles d'emballage à chaque étape de fabrication et avant la libération des lots * Des informations importantes sont reportées sur chaque article d'emballage (notice, contenant, boîte) * Produit non toxique même lorsqu'il est ingéré ou si la dose appliquée dépasse la posologie recommandée * Vide de ligne, contrôles en cours | K83: * INS QT 001 Gamme de fabrication et de contrôle * Bon de commande * Échantillon fourni par VITROBIO *ENR QT 039 Fiche de suivi conditionnement paramédical | L83: Yes | M83: 1 | N83: =G83 -> 1 | O83: =M83*N83 -> 1 | P83: B>R | Q83: Yes
A84: P-A 5 | B84: Secondary packaging: Insertion de la notice | C84: Absence de la notice | D84: *Manque d'informations pour le patient | E84: *Effet mineur *Absence d'amélioration de l'état du patient *Condition aggravée | F84: 2 | G84: 3 | H84: =F84*G84 -> 6 | I84: =IF(H84>6,"No","Yes") -> Yes | J84: * Observation visuelle et contrôle par les opérateurs * Contrôle des articles d'emballage à chaque étape de fabrication et avant la libération des lots * Des informations importantes sont reportées sur chaque article d'emballage (notice, contenant, boîte) * Échantillonnage aléatoire / Pas de contrôle à 100% | K84: * INS QT 001 Gamme de fabrication et de contrôle * Bon de commande * Échantillon fourni par VITROBIO *ENR QT 039 Fiche de suivi conditionnement paramédical * ENR QT PC 012 Tableau de polyvalence des PA | L84: Yes | M84: 1 | N84: 1 | O84: =M84*N84 -> 1 | P84: B > R | Q84: Yes

Sheet 4
B1: Synthèse de combinaison
B3: Nb tot = | D3: =D4+D5+D6 -> 17205 | E3: 1
B4: 0 < Nb < 6 = | D4: =COUNTIF(RCombinés!E8:GS229,">=1")-D5-D6 -> 16391 | E4: =D4/D3 -> 0.95268817
B5: 6 < Nb <12 = | D5: =COUNTIF(RCombinés!E8:GS229,">6")-D6 -> 814 | E5: =D5/D3 -> 0.047311828
B6: 12 < Nb = | D6: =COUNTIF(RCombinés!E8:GS229,">12") -> 0 | E6: =D6/D3 -> 0

Sheet RCombinés
A1: Niveau de risque des risques recombinés
C3: N°Risk | D3: D | E3: D 1 | F3: D 4 | G3: D 5 | H3: D 6 | I3: D 7 | J3: D 8 | K3: D 9 | L3: D 10 | M3: D 11 | N3: D 12 | O3: D 13 | P3: D 14 | Q3: D 15 | R3: D 16 | S3: D 17 | T3: D 18 | U3: D 19 | V3: D 20 | W3: P (1) | X3: P 1 | Y3: P 2 | Z3: P 3 | AA3: P 4 | AB3: P 5 | AC3: P 6 | AD3: P 7 | AE3: P 8 | AF3: P 9 | AG3: P 10 | AH3: P 11 | AI3: P 12 | AJ3: P 13 | AK3: P 14 | AL3: P 15 | AM3: P 16 | AN3: P 17 | AO3: P 18 | AP3: P 19 | AQ3: P 20 | AR3: P 21 | AS3: P 22 | AT3: P 23 | AU3: P 24 | AV3: P 25 | AW3: P 26 | AX3: P 27 | AY3: P 28 | AZ3: P 29 | BA3: P 30 | BB3: P 31 | BC3: P 32 | BD3: P 33 | BE3: P 34 | BF3: P 35 | BG3: P 36 | BH3: P 37 | BI3: P 38 | BJ3: P 39 | BK3: P 40 | BL3: P 41 | BM3: P 42 | BN3: P 43 | BO3: P 44 | BP3: P 45 | BQ3: P 46 | BR3: P 47 | BS3: P 48 | BT3: P 49 | BU3: P 50 | BV3: P 51 | BW3: P 52 | BX3: P 53 | BY3: P 54 | BZ3: P 55 | CA3: P C1 | CB3: P 56 | CC3: P 57 | CD3: P 58 | CE3: P 59 | CF3: P 60 | CG3: P 61 | CH3: P 62 | CI3: P 63 | CJ3: P 64 | CK3: P 65 | CL3: P 66 | CM3: P 67 | CN3: P 68 | CO3: P 69 | CP3: P 70 | CQ3: P 71 | CR3: P 72 | CS3: P 73 | CT3: P 74 | CU3: P 75 | CV3: P C2 | CW3: P 76 | CX3: P 77 | CY3: P 78 | CZ3: P 79 | DA3: P 80 | DB3: P (2) | DC3: P 81 | DD3: P 82 | DE3: P 83 | DF3: P 84 | DG3: P 85 | DH3: P 86 | DI3: P G | DJ3: P 87 | DK3: P 88 | DL3: P 89 | DM3: PC1Z | DN3: P-Z 1 | DO3: P-Z 2 | DP3: P-Z 3 | DQ3: P-Z 4 | DR3: P-Z 5 | DS3: P-Z 6 | DT3: P-Z 7 | DU3: P-Z 8 | DV3: P-Z 9 | DW3: P-Z 10 | DX3: P-Z 11 | DY3: P-Z 12 | DZ3: P-Z 13 | EA3: P-Z 14 | EB3: P-Z 15 | EC3: P-Z 16 | ED3: P-Z 17 | EE3: P-Z 18 | EF3: P-Z 19 | EG3: P-Z 20 | EH3: P-Z 21 | EI3: P I | EJ3: P-I 1 | EK3: P-I 2 | EL3: P-I 3 | EM3: P-I 4 | EN3: P-I 5 | EO3: P-I 6 | EP3: P-I 7 | EQ3: P-I 8 | ER3: P-I 9 | ES3: P-I 10 | ET3: P-I 11 | EU3: P-I 12 | EV3: P-I 13 | EW3: P-I 14 | EX3: P-I 15 | EY3: P-I 16 | EZ3: P-I 17 | FA3: P-I 18 | FB3: P-I 19 | FC3: P-I 20 | FD3: P-I 21 | FE3: P-I 22 | FF3: P-I 23 | FG3: P-I 24 | FH3: P-I 25 | FI3: P-I 26 | FJ3: P-I 27 | FK3: P-I 28 | FL3: P-I 29 | FM3: P-I 30 | FN3: P-I 31 | FO3: P-I 32 | FP3: P-I 33 | FQ3: P-I 34 | FR3: P-I 35 | FS3: P-I 36 | FT3: P-I 37 | FU3: P-I 38 | FV3: P-I 39 | FW3: P-I 40 | FX3: P-I 41 | FY3: P-I 42 | FZ3: P-I 43 | GA3: P-I 44 | GB3: P-I 45 | GC3: P-I 46 | GD3: P-I 47 | GE3: P-I 48 | GF3: P-I 49 | GG3: P-I 50 | GH3: P-I 51 | GI3: P-I 52 | GJ3: P-I 53 | GK3: P-I 54 | GL3: PC2A | GM3: P-A 1 | GN3: P-A 2 | GO3: P-A 3 | GP3: P-A 4
C4: F | D4: 0 | E4: 1 | F4: 1 | G4: 1 | H4: 1 | I4: 1 | J4: 1 | K4: 1 | L4: 1 | M4: 1 | N4: 1 | O4: 1 | P4: 1 | Q4: 1 | R4: 1 | S4: 1 | T4: 1 | U4: 1 | V4: 1 | W4: 0 | X4: 2 | Y4: 2 | Z4: 2 | AA4: 1 | AB4: 1 | AC4: 2 | AD4: 1 | AE4: 3 | AF4: 2 | AG4: 1 | AH4: 1 | AI4: 1 | AJ4: 1 | AK4: 2 | AL4: 1 | AM4: 1 | AN4: 2 | AO4: 1 | AP4: 1 | AQ4: 2 | AR4: 2 | AS4: 2 | AT4: 1 | AU4: 2 | AV4: 1 | AW4: 1 | AX4: 2 | AY4: 1 | AZ4: 2 | BA4: 1 | BB4: 1 | BC4: 2 | BD4: 2 | BE4: 1 | BF4: 1 | BG4: 2 | BH4: 1 | BI4: 1 | BJ4: 2 | BK4: 1 | BL4: 1 | BM4: 1 | BN4: 1 | BO4: 1 | BP4: 1 | BQ4: 2 | BR4: 2 | BS4: 1 | BT4: 1 | BU4: 1 | BV4: 1 | BW4: 2 | BX4: 2 | BY4: 2 | BZ4: 1 | CA4: 0 | CB4: 1 | CC4: 1 | CD4: 1 | CE4: 1 | CF4: 1 | CG4: 1 | CH4: 2 | CI4: 1 | CJ4: 1 | CK4: 1 | CL4: 1 | CM4: 1 | CN4: 1 | CO4: 1 | CP4: 1 | CQ4: 1 | CR4: 1 | CS4: 2 | CT4: 2 | CU4: 1 | CV4: 0 | CW4: 1 | CX4: 1 | CY4: 2 | CZ4: 1 | DA4: 3 | DB4: 0 | DC4: 1 | DD4: 1 | DE4: 2 | DF4: 2 | DG4: 2 | DH4: 1 | DI4: 0 | DJ4: 1 | DK4: 1 | DL4: 2 | DM4: 0 | DN4: 1 | DO4: 2 | DP4: 1 | DQ4: 1 | DR4: 1 | DS4: 2 | DT4: 1 | DU4: 2 | DV4: 1 | DW4: 1 | DX4: 1 | DY4: 1 | DZ4: 1 | EA4: 1 | EB4: 1 | EC4: 1 | ED4: 1 | EE4: 2 | EF4: 1 | EG4: 1 | EH4: 1 | EI4: 0 | EJ4: 1 | EK4: 1 | EL4: 1 | EM4: 1 | EN4: 1 | EO4: 1 | EP4: 1 | EQ4: 4 | ER4: 1 | ES4: 1 | ET4: 1 | EU4: 4 | EV4: 4 | EW4: 2 | EX4: 1 | EY4: 2 | EZ4: 2 | FA4: 1 | FB4: 2 | FC4: 1 | FD4: 1 | FE4: 1 | FF4: 1 | FG4: 1 | FH4: 2 | FI4: 1 | FJ4: 1 | FK4: 1 | FL4: 1 | FM4: 1 | FN4: 1 | FO4: 1 | FP4: 1 | FQ4: 2 | FR4: 2 | FS4: 1 | FT4: 1 | FU4: 1 | FV4: 1 | FW4: 2 | FX4: 1 | FY4: 2 | FZ4: 1 | GA4: 2 | GB4: 1 | GC4: 1 | GD4: 1 | GE4: 1 | GF4: 1 | GG4: 1 | GH4: 1 | GI4: 1 | GJ4: 1 | GK4: 1 | GL4: 0 | GM4: 1 | GN4: 1 | GO4: 1 | GP4: 1
A5: N°Risk | B5: F | C5: G | D5: 0 | E5: 6 | F5: 6 | G5: 6 | H5: 6 | I5: 3 | J5: 6 | K5: 6 | L5: 6 | M5: 6 | N5: 6 | O5: 6 | P5: 3 | Q5: 6 | R5: 6 | S5: 6 | T5: 6 | U5: 6 | V5: 6 | W5: 0 | X5: 1 | Y5: 1 | Z5: 1 | AA5: 3 | AB5: 3 | AC5: 1 | AD5: 6 | AE5: 1 | AF5: 3 | AG5: 3 | AH5: 3 | AI5: 3 | AJ5: 6 | AK5: 3 | AL5: 3 | AM5: 6 | AN5: 1 | AO5: 1 | AP5: 1 | AQ5: 3 | AR5: 6 | AS5: 6 | AT5: 6 | AU5: 6 | AV5: 1 | AW5: 3 | AX5: 3 | AY5: 3 | AZ5: 3 | BA5: 6 | BB5: 6 | BC5: 3 | BD5: 3 | BE5: 3 | BF5: 6 | BG5: 3 | BH5: 6 | BI5: 3 | BJ5: 1 | BK5: 1 | BL5: 6 | BM5: 6 | BN5: 6 | BO5: 6 | BP5: 1 | BQ5: 1 | BR5: 1 | BS5: 1 | BT5: 6 | BU5: 6 | BV5: 6 | BW5: 3 | BX5: 3 | BY5: 3 | BZ5: 6 | CA5: 0 | CB5: 3 | CC5: 3 | CD5: 6 | CE5: 3 | CF5: 6 | CG5: 3 | CH5: 3 | CI5: 3 | CJ5: 3 | CK5: 6 | CL5: 6 | CM5: 6 | CN5: 6 | CO5: 6 | CP5: 3 | CQ5: 6 | CR5: 1 | CS5: 1 | CT5: 1 | CU5: 6 | CV5: 0 | CW5: 3 | CX5: 3 | CY5: 3 | CZ5: 1 | DA5: 3 | DB5: 0 | DC5: 6 | DD5: 6 | DE5: 1 | DF5: 1 | DG5: 1 | DH5: 6 | DI5: 0 | DJ5: 6 | DK5: 6 | DL5: 6 | DM5: 0 | DN5: 2 | DO5: 6 | DP5: 6 | DQ5: 6 | DR5: 6 | DS5: 3 | DT5: 6 | DU5: 6 | DV5: 6 | DW5: 6 | DX5: 6 | DY5: 6 | DZ5: 2 | EA5: 2 | EB5: 2 | EC5: 2 | ED5: 6 | EE5: 6 | EF5: 2 | EG5: 1 | EH5: 2 | EI5: 0 | EJ5: 6 | EK5: 3 | EL5: 3 | EM5: 1 | EN5: 3 | EO5: 3 | EP5: 3 | EQ5: 3 | ER5: 6 | ES5: 6 | ET5: 3 | EU5: 3 | EV5: 3 | EW5: 3 | EX5: 3 | EY5: 6 | EZ5: 3 | FA5: 3 | FB5: 6 | FC5: 3 | FD5: 6 | FE5: 6 | FF5: 3 | FG5: 3 | FH5: 3 | FI5: 6 | FJ5: 3 | FK5: 1 | FL5: 1 | FM5: 3 | FN5: 3 | FO5: 3 | FP5: 6 | FQ5: 3 | FR5: 1 | FS5: 6 | FT5: 12 | FU5: 3 | FV5: 6 | FW5: 3 | FX5: 3 | FY5: 6 | FZ5: 6 | GA5: 3 | GB5: 6 | GC5: 1 | GD5: 3 | GE5: 3 | GF5: 12 | GG5: 3 | GH5: 6 | GI5: 6 | GJ5: 3 | GK5: 3 | GL5: 0 | GM5: 1 | GN5: 1 | GO5: 1 | GP5: 1
A6: ='1'!A4 -> D | B6: ='1'!M4 -> 0 | C6: ='1'!N4 -> 0
A7: ='1'!A5 -> D 1 | B7: ='1'!M5 -> 1 | C7: ='1'!N5 -> 6
A8: ='1'!A8 -> D 4 | B8: ='1'!M8 -> 1 | C8: ='1'!N8 -> 6 | E8: =MIN($B8,E$4)*MAX($C8,E$5) -> 6
A9: ='1'!A9 -> D 5 | B9: ='1'!M9 -> 1 | C9: ='1'!N9 -> 6 | E9: =MIN($B9,E$4)*MAX($C9,E$5) -> 6 | F9: =MIN($B9,F$4)*MAX($C9,F$5) -> 6
A10: ='1'!A10 -> D 6 | B10: ='1'!M10 -> 1 | C10: ='1'!N10 -> 6 | E10: =MIN($B10,E$4)*MAX($C10,E$5) -> 6 | F10: =MIN($B10,F$4)*MAX($C10,F$5) -> 6 | G10: =MIN($B10,G$4)*MAX($C10,G$5) -> 6
A11: ='1'!A11 -> D 7 | B11: ='1'!M11 -> 1 | C11: ='1'!N11 -> 3 | E11: =MIN($B11,E$4)*MAX($C11,E$5) -> 6 | F11: =MIN($B11,F$4)*MAX($C11,F$5) -> 6 | G11: =MIN($B11,G$4)*MAX($C11,G$5) -> 6 | H11: =MIN($B11,H$4)*MAX($C11,H$5) -> 6
A12: ='1'!A12 -> D 8 | B12: ='1'!M12 -> 1 | C12: ='1'!N12 -> 6 | E12: =MIN($B12,E$4)*MAX($C12,E$5) -> 6 | F12: =MIN($B12,F$4)*MAX($C12,F$5) -> 6 | G12: =MIN($B12,G$4)*MAX($C12,G$5) -> 6 | H12: =MIN($B12,H$4)*MAX($C12,H$5) -> 6 | I12: =MIN($B12,I$4)*MAX($C12,I$5) -> 6
A13: ='1'!A13 -> D 9 | B13: ='1'!M13 -> 1 | C13: ='1'!N13 -> 6 | E13: =MIN($B13,E$4)*MAX($C13,E$5) -> 6 | F13: =MIN($B13,F$4)*MAX($C13,F$5) -> 6 | G13: =MIN($B13,G$4)*MAX($C13,G$5) -> 6 | H13: =MIN($B13,H$4)*MAX($C13,H$5) -> 6 | I13: =MIN($B13,I$4)*MAX($C13,I$5) -> 6 | J13: =MIN($B13,J$4)*MAX($C13,J$5) -> 6
A14: ='1'!A14 -> D 10 | B14: ='1'!M14 -> 1 | C14: ='1'!N14 -> 6 | E14: =MIN($B14,E$4)*MAX($C14,E$5) -> 6 | F14: =MIN($B14,F$4)*MAX($C14,F$5) -> 6 | G14: =MIN($B14,G$4)*MAX($C14,G$5) -> 6 | H14: =MIN($B14,H$4)*MAX($C14,H$5) -> 6 | I14: =MIN($B14,I$4)*MAX($C14,I$5) -> 6 | J14: =MIN($B14,J$4)*MAX($C14,J$5) -> 6 | K14: =MIN($B14,K$4)*MAX($C14,K$5) -> 6
A15: ='1'!A15 -> D 11 | B15: ='1'!M15 -> 1 | C15: ='1'!N15 -> 6 | E15: =MIN($B15,E$4)*MAX($C15,E$5) -> 6 | F15: =MIN($B15,F$4)*MAX($C15,F$5) -> 6 | G15: =MIN($B15,G$4)*MAX($C15,G$5) -> 6 | H15: =MIN($B15,H$4)*MAX($C15,H$5) -> 6 | I15: =MIN($B15,I$4)*MAX($C15,I$5) -> 6 | J15: =MIN($B15,J$4)*MAX($C15,J$5) -> 6 | K15: =MIN($B15,K$4)*MAX($C15,K$5) -> 6 | L15: =MIN($B15,L$4)*MAX($C15,L$5) -> 6
A16: ='1'!A16 -> D 12 | B16: ='1'!M16 -> 1 | C16: ='1'!N16 -> 6 | E16: =MIN($B16,E$4)*MAX($C16,E$5) -> 6 | F16: =MIN($B16,F$4)*MAX($C16,F$5) -> 6 | G16: =MIN($B16,G$4)*MAX($C16,G$5) -> 6 | H16: =MIN($B16,H$4)*MAX($C16,H$5) -> 6 | I16: =MIN($B16,I$4)*MAX($C16,I$5) -> 6 | J16: =MIN($B16,J$4)*MAX($C16,J$5) -> 6 | K16: =MIN($B16,K$4)*MAX($C16,K$5) -> 6 | L16: =MIN($B16,L$4)*MAX($C16,L$5) -> 6 | M16: =MIN($B16,M$4)*MAX($C16,M$5) -> 6
A17: ='1'!A17 -> D 13 | B17: ='1'!M17 -> 1 | C17: ='1'!N17 -> 6 | E17: =MIN($B17,E$4)*MAX($C17,E$5) -> 6 | F17: =MIN($B17,F$4)*MAX($C17,F$5) -> 6 | G17: =MIN($B17,G$4)*MAX($C17,G$5) -> 6 | H17: =MIN($B17,H$4)*MAX($C17,H$5) -> 6 | I17: =MIN($B17,I$4)*MAX($C17,I$5) -> 6 | J17: =MIN($B17,J$4)*MAX($C17,J$5) -> 6 | K17: =MIN($B17,K$4)*MAX($C17,K$5) -> 6 | L17: =MIN($B17,L$4)*MAX($C17,L$5) -> 6 | ... N17: =MIN($B17,N$4)*MAX($C17,N$5) -> 6
A18: ='1'!A18 -> D 14 | B18: ='1'!M18 -> 1 | C18: ='1'!N18 -> 3 | E18: =MIN($B18,E$4)*MAX($C18,E$5) -> 6 | F18: =MIN($B18,F$4)*MAX($C18,F$5) -> 6 | G18: =MIN($B18,G$4)*MAX($C18,G$5) -> 6 | H18: =MIN($B18,H$4)*MAX($C18,H$5) -> 6 | I18: =MIN($B18,I$4)*MAX($C18,I$5) -> 3 | J18: =MIN($B18,J$4)*MAX($C18,J$5) -> 6 | K18: =MIN($B18,K$4)*MAX($C18,K$5) -> 6 | L18: =MIN($B18,L$4)*MAX($C18,L$5) -> 6 | ... O18: =MIN($B18,O$4)*MAX($C18,O$5) -> 6
A19: ='1'!A19 -> D 15 | B19: ='1'!M19 -> 1 | C19: ='1'!N19 -> 6 | E19: =MIN($B19,E$4)*MAX($C19,E$5) -> 6 | F19: =MIN($B19,F$4)*MAX($C19,F$5) -> 6 | G19: =MIN($B19,G$4)*MAX($C19,G$5) -> 6 | H19: =MIN($B19,H$4)*MAX($C19,H$5) -> 6 | I19: =MIN($B19,I$4)*MAX($C19,I$5) -> 6 | J19: =MIN($B19,J$4)*MAX($C19,J$5) -> 6 | K19: =MIN($B19,K$4)*MAX($C19,K$5) -> 6 | L19: =MIN($B19,L$4)*MAX($C19,L$5) -> 6 | ... P19: =MIN($B19,P$4)*MAX($C19,P$5) -> 6
A20: ='1'!A20 -> D 16 | B20: ='1'!M20 -> 1 | C20: ='1'!N20 -> 6 | E20: =MIN($B20,E$4)*MAX($C20,E$5) -> 6 | F20: =MIN($B20,F$4)*MAX($C20,F$5) -> 6 | G20: =MIN($B20,G$4)*MAX($C20,G$5) -> 6 | H20: =MIN($B20,H$4)*MAX($C20,H$5) -> 6 | I20: =MIN($B20,I$4)*MAX($C20,I$5) -> 6 | J20: =MIN($B20,J$4)*MAX($C20,J$5) -> 6 | K20: =MIN($B20,K$4)*MAX($C20,K$5) -> 6 | L20: =MIN($B20,L$4)*MAX($C20,L$5) -> 6 | ... Q20: =MIN($B20,Q$4)*MAX($C20,Q$5) -> 6
A21: ='1'!A21 -> D 17 | B21: ='1'!M21 -> 1 | C21: ='1'!N21 -> 6 | E21: =MIN($B21,E$4)*MAX($C21,E$5) -> 6 | F21: =MIN($B21,F$4)*MAX($C21,F$5) -> 6 | G21: =MIN($B21,G$4)*MAX($C21,G$5) -> 6 | H21: =MIN($B21,H$4)*MAX($C21,H$5) -> 6 | I21: =MIN($B21,I$4)*MAX($C21,I$5) -> 6 | J21: =MIN($B21,J$4)*MAX($C21,J$5) -> 6 | K21: =MIN($B21,K$4)*MAX($C21,K$5) -> 6 | L21: =MIN($B21,L$4)*MAX($C21,L$5) -> 6 | ... R21: =MIN($B21,R$4)*MAX($C21,R$5) -> 6
A22: ='1'!A22 -> D 18 | B22: ='1'!M22 -> 1 | C22: ='1'!N22 -> 6 | E22: =MIN($B22,E$4)*MAX($C22,E$5) -> 6 | F22: =MIN($B22,F$4)*MAX($C22,F$5) -> 6 | G22: =MIN($B22,G$4)*MAX($C22,G$5) -> 6 | H22: =MIN($B22,H$4)*MAX($C22,H$5) -> 6 | I22: =MIN($B22,I$4)*MAX($C22,I$5) -> 6 | J22: =MIN($B22,J$4)*MAX($C22,J$5) -> 6 | K22: =MIN($B22,K$4)*MAX($C22,K$5) -> 6 | L22: =MIN($B22,L$4)*MAX($C22,L$5) -> 6 | ... S22: =MIN($B22,S$4)*MAX($C22,S$5) -> 6
A23: ='1'!A23 -> D 19 | B23: ='1'!M23 -> 1 | C23: ='1'!N23 -> 6 | E23: =MIN($B23,E$4)*MAX($C23,E$5) -> 6 | F23: =MIN($B23,F$4)*MAX($C23,F$5) -> 6 | G23: =MIN($B23,G$4)*MAX($C23,G$5) -> 6 | H23: =MIN($B23,H$4)*MAX($C23,H$5) -> 6 | I23: =MIN($B23,I$4)*MAX($C23,I$5) -> 6 | J23: =MIN($B23,J$4)*MAX($C23,J$5) -> 6 | K23: =MIN($B23,K$4)*MAX($C23,K$5) -> 6 | L23: =MIN($B23,L$4)*MAX($C23,L$5) -> 6 | ... T23: =MIN($B23,T$4)*MAX($C23,T$5) -> 6
A24: ='1'!A24 -> D 20 | B24: ='1'!M24 -> 1 | C24: ='1'!N24 -> 6 | E24: =MIN($B24,E$4)*MAX($C24,E$5) -> 6 | F24: =MIN($B24,F$4)*MAX($C24,F$5) -> 6 | G24: =MIN($B24,G$4)*MAX($C24,G$5) -> 6 | H24: =MIN($B24,H$4)*MAX($C24,H$5) -> 6 | I24: =MIN($B24,I$4)*MAX($C24,I$5) -> 6 | J24: =MIN($B24,J$4)*MAX($C24,J$5) -> 6 | K24: =MIN($B24,K$4)*MAX($C24,K$5) -> 6 | L24: =MIN($B24,L$4)*MAX($C24,L$5) -> 6 | ... U24: =MIN($B24,U$4)*MAX($C24,U$5) -> 6
A25: ='2'!A2 -> P (1) | B25: ='2'!M2 -> 0 | C25: ='2'!N2 -> 0 | E25: =MIN($B25,E$4)*MAX($C25,E$5) -> 0 | F25: =MIN($B25,F$4)*MAX($C25,F$5) -> 0 | G25: =MIN($B25,G$4)*MAX($C25,G$5) -> 0 | H25: =MIN($B25,H$4)*MAX($C25,H$5) -> 0 | I25: =MIN($B25,I$4)*MAX($C25,I$5) -> 0 | J25: =MIN($B25,J$4)*MAX($C25,J$5) -> 0 | K25: =MIN($B25,K$4)*MAX($C25,K$5) -> 0 | L25: =MIN($B25,L$4)*MAX($C25,L$5) -> 0 | ... V25: =MIN($B25,V$4)*MAX($C25,V$5) -> 0
A26: ='2'!A3 -> P 1 | B26: ='2'!M3 -> 2 | C26: ='2'!N3 -> 1 | E26: =MIN($B26,E$4)*MAX($C26,E$5) -> 6 | F26: =MIN($B26,F$4)*MAX($C26,F$5) -> 6 | G26: =MIN($B26,G$4)*MAX($C26,G$5) -> 6 | H26: =MIN($B26,H$4)*MAX($C26,H$5) -> 6 | I26: =MIN($B26,I$4)*MAX($C26,I$5) -> 3 | J26: =MIN($B26,J$4)*MAX($C26,J$5) -> 6 | K26: =MIN($B26,K$4)*MAX($C26,K$5) -> 6 | L26: =MIN($B26,L$4)*MAX($C26,L$5) -> 6 | ... W26: =MIN($B26,W$4)*MAX($C26,W$5) -> 0
A27: ='2'!A4 -> P 2 | B27: ='2'!M4 -> 2 | C27: ='2'!N4 -> 1 | E27: =MIN($B27,E$4)*MAX($C27,E$5) -> 6 | F27: =MIN($B27,F$4)*MAX($C27,F$5) -> 6 | G27: =MIN($B27,G$4)*MAX($C27,G$5) -> 6 | H27: =MIN($B27,H$4)*MAX($C27,H$5) -> 6 | I27: =MIN($B27,I$4)*MAX($C27,I$5) -> 3 | J27: =MIN($B27,J$4)*MAX($C27,J$5) -> 6 | K27: =MIN($B27,K$4)*MAX($C27,K$5) -> 6 | L27: =MIN($B27,L$4)*MAX($C27,L$5) -> 6 | ... X27: =MIN($B27,X$4)*MAX($C27,X$5) -> 2
A28: ='2'!A5 -> P 3 | B28: ='2'!M5 -> 2 | C28: ='2'!N5 -> 1 | E28: =MIN($B28,E$4)*MAX($C28,E$5) -> 6 | F28: =MIN($B28,F$4)*MAX($C28,F$5) -> 6 | G28: =MIN($B28,G$4)*MAX($C28,G$5) -> 6 | H28: =MIN($B28,H$4)*MAX($C28,H$5) -> 6 | I28: =MIN($B28,I$4)*MAX($C28,I$5) -> 3 | J28: =MIN($B28,J$4)*MAX($C28,J$5) -> 6 | K28: =MIN($B28,K$4)*MAX($C28,K$5) -> 6 | L28: =MIN($B28,L$4)*MAX($C28,L$5) -> 6 | ... Y28: =MIN($B28,Y$4)*MAX($C28,Y$5) -> 2
A29: ='2'!A6 -> P 4 | B29: ='2'!M6 -> 1 | C29: ='2'!N6 -> 3 | E29: =MIN($B29,E$4)*MAX($C29,E$5) -> 6 | F29: =MIN($B29,F$4)*MAX($C29,F$5) -> 6 | G29: =MIN($B29,G$4)*MAX($C29,G$5) -> 6 | H29: =MIN($B29,H$4)*MAX($C29,H$5) -> 6 | I29: =MIN($B29,I$4)*MAX($C29,I$5) -> 3 | J29: =MIN($B29,J$4)*MAX($C29,J$5) -> 6 | K29: =MIN($B29,K$4)*MAX($C29,K$5) -> 6 | L29: =MIN($B29,L$4)*MAX($C29,L$5) -> 6 | ... Z29: =MIN($B29,Z$4)*MAX($C29,Z$5) -> 3
A30: ='2'!A7 -> P 5 | B30: ='2'!M7 -> 1 | C30: ='2'!N7 -> 3 | E30: =MIN($B30,E$4)*MAX($C30,E$5) -> 6 | F30: =MIN($B30,F$4)*MAX($C30,F$5) -> 6 | G30: =MIN($B30,G$4)*MAX($C30,G$5) -> 6 | H30: =MIN($B30,H$4)*MAX($C30,H$5) -> 6 | I30: =MIN($B30,I$4)*MAX($C30,I$5) -> 3 | J30: =MIN($B30,J$4)*MAX($C30,J$5) -> 6 | K30: =MIN($B30,K$4)*MAX($C30,K$5) -> 6 | L30: =MIN($B30,L$4)*MAX($C30,L$5) -> 6 | ... AA30: =MIN($B30,AA$4)*MAX($C30,AA$5) -> 3
A31: ='2'!A8 -> P 6 | B31: ='2'!M8 -> 2 | C31: ='2'!N8 -> 1 | E31: =MIN($B31,E$4)*MAX($C31,E$5) -> 6 | F31: =MIN($B31,F$4)*MAX($C31,F$5) -> 6 | G31: =MIN($B31,G$4)*MAX($C31,G$5) -> 6 | H31: =MIN($B31,H$4)*MAX($C31,H$5) -> 6 | I31: =MIN($B31,I$4)*MAX($C31,I$5) -> 3 | J31: =MIN($B31,J$4)*MAX($C31,J$5) -> 6 | K31: =MIN($B31,K$4)*MAX($C31,K$5) -> 6 | L31: =MIN($B31,L$4)*MAX($C31,L$5) -> 6 | ... AB31: =MIN($B31,AB$4)*MAX($C31,AB$5) -> 3
A32: ='2'!A9 -> P 7 | B32: ='2'!M9 -> 1 | C32: ='2'!N9 -> 6 | E32: =MIN($B32,E$4)*MAX($C32,E$5) -> 6 | F32: =MIN($B32,F$4)*MAX($C32,F$5) -> 6 | G32: =MIN($B32,G$4)*MAX($C32,G$5) -> 6 | H32: =MIN($B32,H$4)*MAX($C32,H$5) -> 6 | I32: =MIN($B32,I$4)*MAX($C32,I$5) -> 6 | J32: =MIN($B32,J$4)*MAX($C32,J$5) -> 6 | K32: =MIN($B32,K$4)*MAX($C32,K$5) -> 6 | L32: =MIN($B32,L$4)*MAX($C32,L$5) -> 6 | ... AC32: =MIN($B32,AC$4)*MAX($C32,AC$5) -> 6
A33: ='2'!A10 -> P 8 | B33: ='2'!M10 -> 3 | C33: ='2'!N10 -> 1 | E33: =MIN($B33,E$4)*MAX($C33,E$5) -> 6 | F33: =MIN($B33,F$4)*MAX($C33,F$5) -> 6 | G33: =MIN($B33,G$4)*MAX($C33,G$5) -> 6 | H33: =MIN($B33,H$4)*MAX($C33,H$5) -> 6 | I33: =MIN($B33,I$4)*MAX($C33,I$5) -> 3 | J33: =MIN($B33,J$4)*MAX($C33,J$5) -> 6 | K33: =MIN($B33,K$4)*MAX($C33,K$5) -> 6 | L33: =MIN($B33,L$4)*MAX($C33,L$5) -> 6 | ... AD33: =MIN($B33,AD$4)*MAX($C33,AD$5) -> 6
A34: ='2'!A11 -> P 9 | B34: ='2'!M11 -> 2 | C34: ='2'!N11 -> 3 | E34: =MIN($B34,E$4)*MAX($C34,E$5) -> 6 | F34: =MIN($B34,F$4)*MAX($C34,F$5) -> 6 | G34: =MIN($B34,G$4)*MAX($C34,G$5) -> 6 | H34: =MIN($B34,H$4)*MAX($C34,H$5) -> 6 | I34: =MIN($B34,I$4)*MAX($C34,I$5) -> 3 | J34: =MIN($B34,J$4)*MAX($C34,J$5) -> 6 | K34: =MIN($B34,K$4)*MAX($C34,K$5) -> 6 | L34: =MIN($B34,L$4)*MAX($C34,L$5) -> 6 | ... AE34: =MIN($B34,AE$4)*MAX($C34,AE$5) -> 6
A35: ='2'!A12 -> P 10 | B35: ='2'!M12 -> 1 | C35: ='2'!N12 -> 3 | E35: =MIN($B35,E$4)*MAX($C35,E$5) -> 6 | F35: =MIN($B35,F$4)*MAX($C35,F$5) -> 6 | G35: =MIN($B35,G$4)*MAX($C35,G$5) -> 6 | H35: =MIN($B35,H$4)*MAX($C35,H$5) -> 6 | I35: =MIN($B35,I$4)*MAX($C35,I$5) -> 3 | J35: =MIN($B35,J$4)*MAX($C35,J$5) -> 6 | K35: =MIN($B35,K$4)*MAX($C35,K$5) -> 6 | L35: =MIN($B35,L$4)*MAX($C35,L$5) -> 6 | ... AF35: =MIN($B35,AF$4)*MAX($C35,AF$5) -> 3
A36: ='2'!A13 -> P 11 | B36: ='2'!M13 -> 1 | C36: ='2'!N13 -> 3 | E36: =MIN($B36,E$4)*MAX($C36,E$5) -> 6 | F36: =MIN($B36,F$4)*MAX($C36,F$5) -> 6 | G36: =MIN($B36,G$4)*MAX($C36,G$5) -> 6 | H36: =MIN($B36,H$4)*MAX($C36,H$5) -> 6 | I36: =MIN($B36,I$4)*MAX($C36,I$5) -> 3 | J36: =MIN($B36,J$4)*MAX($C36,J$5) -> 6 | K36: =MIN($B36,K$4)*MAX($C36,K$5) -> 6 | L36: =MIN($B36,L$4)*MAX($C36,L$5) -> 6 | ... AG36: =MIN($B36,AG$4)*MAX($C36,AG$5) -> 3
A37: ='2'!A14 -> P 12 | B37: ='2'!M14 -> 1 | C37: ='2'!N14 -> 3 | E37: =MIN($B37,E$4)*MAX($C37,E$5) -> 6 | F37: =MIN($B37,F$4)*MAX($C37,F$5) -> 6 | G37: =MIN($B37,G$4)*MAX($C37,G$5) -> 6 | H37: =MIN($B37,H$4)*MAX($C37,H$5) -> 6 | I37: =MIN($B37,I$4)*MAX($C37,I$5) -> 3 | J37: =MIN($B37,J$4)*MAX($C37,J$5) -> 6 | K37: =MIN($B37,K$4)*MAX($C37,K$5) -> 6 | L37: =MIN($B37,L$4)*MAX($C37,L$5) -> 6 | ... AH37: =MIN($B37,AH$4)*MAX($C37,AH$5) -> 3
A38: ='2'!A15 -> P 13 | B38: ='2'!M15 -> 1 | C38: ='2'!N15 -> 6 | E38: =MIN($B38,E$4)*MAX($C38,E$5) -> 6 | F38: =MIN($B38,F$4)*MAX($C38,F$5) -> 6 | G38: =MIN($B38,G$4)*MAX($C38,G$5) -> 6 | H38: =MIN($B38,H$4)*MAX($C38,H$5) -> 6 | I38: =MIN($B38,I$4)*MAX($C38,I$5) -> 6 | J38: =MIN($B38,J$4)*MAX($C38,J$5) -> 6 | K38: =MIN($B38,K$4)*MAX($C38,K$5) -> 6 | L38: =MIN($B38,L$4)*MAX($C38,L$5) -> 6 | ... AI38: =MIN($B38,AI$4)*MAX($C38,AI$5) -> 6
A39: ='2'!A16 -> P 14 | B39: ='2'!M16 -> 2 | C39: ='2'!N16 -> 3 | E39: =MIN($B39,E$4)*MAX($C39,E$5) -> 6 | F39: =MIN($B39,F$4)*MAX($C39,F$5) -> 6 | G39: =MIN($B39,G$4)*MAX($C39,G$5) -> 6 | H39: =MIN($B39,H$4)*MAX($C39,H$5) -> 6 | I39: =MIN($B39,I$4)*MAX($C39,I$5) -> 3 | J39: =MIN($B39,J$4)*MAX($C39,J$5) -> 6 | K39: =MIN($B39,K$4)*MAX($C39,K$5) -> 6 | L39: =MIN($B39,L$4)*MAX($C39,L$5) -> 6 | ... AJ39: =MIN($B39,AJ$4)*MAX($C39,AJ$5) -> 6
A40: ='2'!A17 -> P 15 | B40: ='2'!M17 -> 1 | C40: ='2'!N17 -> 3 | E40: =MIN($B40,E$4)*MAX($C40,E$5) -> 6 | F40: =MIN($B40,F$4)*MAX($C40,F$5) -> 6 | G40: =MIN($B40,G$4)*MAX($C40,G$5) -> 6 | H40: =MIN($B40,H$4)*MAX($C40,H$5) -> 6 | I40: =MIN($B40,I$4)*MAX($C40,I$5) -> 3 | J40: =MIN($B40,J$4)*MAX($C40,J$5) -> 6 | K40: =MIN($B40,K$4)*MAX($C40,K$5) -> 6 | L40: =MIN($B40,L$4)*MAX($C40,L$5) -> 6 | ... AK40: =MIN($B40,AK$4)*MAX($C40,AK$5) -> 3
A41: ='2'!A18 -> P 16 | B41: ='2'!M18 -> 1 | C41: ='2'!N18 -> 6 | E41: =MIN($B41,E$4)*MAX($C41,E$5) -> 6 | F41: =MIN($B41,F$4)*MAX($C41,F$5) -> 6 | G41: =MIN($B41,G$4)*MAX($C41,G$5) -> 6 | H41: =MIN($B41,H$4)*MAX($C41,H$5) -> 6 | I41: =MIN($B41,I$4)*MAX($C41,I$5) -> 6 | J41: =MIN($B41,J$4)*MAX($C41,J$5) -> 6 | K41: =MIN($B41,K$4)*MAX($C41,K$5) -> 6 | L41: =MIN($B41,L$4)*MAX($C41,L$5) -> 6 | ... AL41: =MIN($B41,AL$4)*MAX($C41,AL$5) -> 6
A42: ='2'!A19 -> P 17 | B42: ='2'!M19 -> 2 | C42: ='2'!N19 -> 1 | E42: =MIN($B42,E$4)*MAX($C42,E$5) -> 6 | F42: =MIN($B42,F$4)*MAX($C42,F$5) -> 6 | G42: =MIN($B42,G$4)*MAX($C42,G$5) -> 6 | H42: =MIN($B42,H$4)*MAX($C42,H$5) -> 6 | I42: =MIN($B42,I$4)*MAX($C42,I$5) -> 3 | J42: =MIN($B42,J$4)*MAX($C42,J$5) -> 6 | K42: =MIN($B42,K$4)*MAX($C42,K$5) -> 6 | L42: =MIN($B42,L$4)*MAX($C42,L$5) -> 6 | ... AM42: =MIN($B42,AM$4)*MAX($C42,AM$5) -> 6
A43: ='2'!A20 -> P 18 | B43: ='2'!M20 -> 1 | C43: ='2'!N20 -> 1 | E43: =MIN($B43,E$4)*MAX($C43,E$5) -> 6 | F43: =MIN($B43,F$4)*MAX($C43,F$5) -> 6 | G43: =MIN($B43,G$4)*MAX($C43,G$5) -> 6 | H43: =MIN($B43,H$4)*MAX($C43,H$5) -> 6 | I43: =MIN($B43,I$4)*MAX($C43,I$5) -> 3 | J43: =MIN($B43,J$4)*MAX($C43,J$5) -> 6 | K43: =MIN($B43,K$4)*MAX($C43,K$5) -> 6 | L43: =MIN($B43,L$4)*MAX($C43,L$5) -> 6 | ... AN43: =MIN($B43,AN$4)*MAX($C43,AN$5) -> 1
A44: ='2'!A21 -> P 19 | B44: ='2'!M21 -> 1 | C44: ='2'!N21 -> 1 | E44: =MIN($B44,E$4)*MAX($C44,E$5) -> 6 | F44: =MIN($B44,F$4)*MAX($C44,F$5) -> 6 | G44: =MIN($B44,G$4)*MAX($C44,G$5) -> 6 | H44: =MIN($B44,H$4)*MAX($C44,H$5) -> 6 | I44: =MIN($B44,I$4)*MAX($C44,I$5) -> 3 | J44: =MIN($B44,J$4)*MAX($C44,J$5) -> 6 | K44: =MIN($B44,K$4)*MAX($C44,K$5) -> 6 | L44: =MIN($B44,L$4)*MAX($C44,L$5) -> 6 | ... AO44: =MIN($B44,AO$4)*MAX($C44,AO$5) -> 1
A45: ='2'!A22 -> P 20 | B45: ='2'!M22 -> 2 | C45: ='2'!N22 -> 3 | E45: =MIN($B45,E$4)*MAX($C45,E$5) -> 6 | F45: =MIN($B45,F$4)*MAX($C45,F$5) -> 6 | G45: =MIN($B45,G$4)*MAX($C45,G$5) -> 6 | H45: =MIN($B45,H$4)*MAX($C45,H$5) -> 6 | I45: =MIN($B45,I$4)*MAX($C45,I$5) -> 3 | J45: =MIN($B45,J$4)*MAX($C45,J$5) -> 6 | K45: =MIN($B45,K$4)*MAX($C45,K$5) -> 6 | L45: =MIN($B45,L$4)*MAX($C45,L$5) -> 6 | ... AP45: =MIN($B45,AP$4)*MAX($C45,AP$5) -> 3
A46: ='2'!A23 -> P 21 | B46: ='2'!M23 -> 2 | C46: ='2'!N23 -> 6 | E46: =MIN($B46,E$4)*MAX($C46,E$5) -> 6 | F46: =MIN($B46,F$4)*MAX($C46,F$5) -> 6 | G46: =MIN($B46,G$4)*MAX($C46,G$5) -> 6 | H46: =MIN($B46,H$4)*MAX($C46,H$5) -> 6 | I46: =MIN($B46,I$4)*MAX($C46,I$5) -> 6 | J46: =MIN($B46,J$4)*MAX($C46,J$5) -> 6 | K46: =MIN($B46,K$4)*MAX($C46,K$5) -> 6 | L46: =MIN($B46,L$4)*MAX($C46,L$5) -> 6 | ... AQ46: =MIN($B46,AQ$4)*MAX($C46,AQ$5) -> 12
A47: ='2'!A24 -> P 22 | B47: ='2'!M24 -> 2 | C47: ='2'!N24 -> 6 | E47: =MIN($B47,E$4)*MAX($C47,E$5) -> 6 | F47: =MIN($B47,F$4)*MAX($C47,F$5) -> 6 | G47: =MIN($B47,G$4)*MAX($C47,G$5) -> 6 | H47: =MIN($B47,H$4)*MAX($C47,H$5) -> 6 | I47: =MIN($B47,I$4)*MAX($C47,I$5) -> 6 | J47: =MIN($B47,J$4)*MAX($C47,J$5) -> 6 | K47: =MIN($B47,K$4)*MAX($C47,K$5) -> 6 | L47: =MIN($B47,L$4)*MAX($C47,L$5) -> 6 | ... AR47: =MIN($B47,AR$4)*MAX($C47,AR$5) -> 12
A48: ='2'!A25 -> P 23 | B48: ='2'!M25 -> 1 | C48: ='2'!N25 -> 6 | E48: =MIN($B48,E$4)*MAX($C48,E$5) -> 6 | F48: =MIN($B48,F$4)*MAX($C48,F$5) -> 6 | G48: =MIN($B48,G$4)*MAX($C48,G$5) -> 6 | H48: =MIN($B48,H$4)*MAX($C48,H$5) -> 6 | I48: =MIN($B48,I$4)*MAX($C48,I$5) -> 6 | J48: =MIN($B48,J$4)*MAX($C48,J$5) -> 6 | K48: =MIN($B48,K$4)*MAX($C48,K$5) -> 6 | L48: =MIN($B48,L$4)*MAX($C48,L$5) -> 6 | ... AS48: =MIN($B48,AS$4)*MAX($C48,AS$5) -> 6
A49: ='2'!A26 -> P 24 | B49: ='2'!M26 -> 2 | C49: ='2'!N26 -> 6 | E49: =MIN($B49,E$4)*MAX($C49,E$5) -> 6 | F49: =MIN($B49,F$4)*MAX($C49,F$5) -> 6 | G49: =MIN($B49,G$4)*MAX($C49,G$5) -> 6 | H49: =MIN($B49,H$4)*MAX($C49,H$5) -> 6 | I49: =MIN($B49,I$4)*MAX($C49,I$5) -> 6 | J49: =MIN($B49,J$4)*MAX($C49,J$5) -> 6 | K49: =MIN($B49,K$4)*MAX($C49,K$5) -> 6 | L49: =MIN($B49,L$4)*MAX($C49,L$5) -> 6 | ... AT49: =MIN($B49,AT$4)*MAX($C49,AT$5) -> 6
A50: ='2'!A27 -> P 25 | B50: ='2'!M27 -> 1 | C50: ='2'!N27 -> 1 | E50: =MIN($B50,E$4)*MAX($C50,E$5) -> 6 | F50: =MIN($B50,F$4)*MAX($C50,F$5) -> 6 | G50: =MIN($B50,G$4)*MAX($C50,G$5) -> 6 | H50: =MIN($B50,H$4)*MAX($C50,H$5) -> 6 | I50: =MIN($B50,I$4)*MAX($C50,I$5) -> 3 | J50: =MIN($B50,J$4)*MAX($C50,J$5) -> 6 | K50: =MIN($B50,K$4)*MAX($C50,K$5) -> 6 | L50: =MIN($B50,L$4)*MAX($C50,L$5) -> 6 | ... AU50: =MIN($B50,AU$4)*MAX($C50,AU$5) -> 6
A51: ='2'!A28 -> P 26 | B51: ='2'!M28 -> 1 | C51: ='2'!N28 -> 3 | E51: =MIN($B51,E$4)*MAX($C51,E$5) -> 6 | F51: =MIN($B51,F$4)*MAX($C51,F$5) -> 6 | G51: =MIN($B51,G$4)*MAX($C51,G$5) -> 6 | H51: =MIN($B51,H$4)*MAX($C51,H$5) -> 6 | I51: =MIN($B51,I$4)*MAX($C51,I$5) -> 3 | J51: =MIN($B51,J$4)*MAX($C51,J$5) -> 6 | K51: =MIN($B51,K$4)*MAX($C51,K$5) -> 6 | L51: =MIN($B51,L$4)*MAX($C51,L$5) -> 6 | ... AV51: =MIN($B51,AV$4)*MAX($C51,AV$5) -> 3
A52: ='2'!A29 -> P 27 | B52: ='2'!M29 -> 2 | C52: ='2'!N29 -> 3 | E52: =MIN($B52,E$4)*MAX($C52,E$5) -> 6 | F52: =MIN($B52,F$4)*MAX($C52,F$5) -> 6 | G52: =MIN($B52,G$4)*MAX($C52,G$5) -> 6 | H52: =MIN($B52,H$4)*MAX($C52,H$5) -> 6 | I52: =MIN($B52,I$4)*MAX($C52,I$5) -> 3 | J52: =MIN($B52,J$4)*MAX($C52,J$5) -> 6 | K52: =MIN($B52,K$4)*MAX($C52,K$5) -> 6 | L52: =MIN($B52,L$4)*MAX($C52,L$5) -> 6 | ... AW52: =MIN($B52,AW$4)*MAX($C52,AW$5) -> 3
A53: ='2'!A30 -> P 28 | B53: ='2'!M30 -> 1 | C53: ='2'!N30 -> 3 | E53: =MIN($B53,E$4)*MAX($C53,E$5) -> 6 | F53: =MIN($B53,F$4)*MAX($C53,F$5) -> 6 | G53: =MIN($B53,G$4)*MAX($C53,G$5) -> 6 | H53: =MIN($B53,H$4)*MAX($C53,H$5) -> 6 | I53: =MIN($B53,I$4)*MAX($C53,I$5) -> 3 | J53: =MIN($B53,J$4)*MAX($C53,J$5) -> 6 | K53: =MIN($B53,K$4)*MAX($C53,K$5) -> 6 | L53: =MIN($B53,L$4)*MAX($C53,L$5) -> 6 | ... AX53: =MIN($B53,AX$4)*MAX($C53,AX$5) -> 3
A54: ='2'!A31 -> P 29 | B54: ='2'!M31 -> 2 | C54: ='2'!N31 -> 3 | E54: =MIN($B54,E$4)*MAX($C54,E$5) -> 6 | F54: =MIN($B54,F$4)*MAX($C54,F$5) -> 6 | G54: =MIN($B54,G$4)*MAX($C54,G$5) -> 6 | H54: =MIN($B54,H$4)*MAX($C54,H$5) -> 6 | I54: =MIN($B54,I$4)*MAX($C54,I$5) -> 3 | J54: =MIN($B54,J$4)*MAX($C54,J$5) -> 6 | K54: =MIN($B54,K$4)*MAX($C54,K$5) -> 6 | L54: =MIN($B54,L$4)*MAX($C54,L$5) -> 6 | ... AY54: =MIN($B54,AY$4)*MAX($C54,AY$5) -> 3
A55: ='2'!A32 -> P 30 | B55: ='2'!M32 -> 1 | C55: ='2'!N32 -> 6 | E55: =MIN($B55,E$4)*MAX($C55,E$5) -> 6 | F55: =MIN($B55,F$4)*MAX($C55,F$5) -> 6 | G55: =MIN($B55,G$4)*MAX($C55,G$5) -> 6 | H55: =MIN($B55,H$4)*MAX($C55,H$5) -> 6 | I55: =MIN($B55,I$4)*MAX($C55,I$5) -> 6 | J55: =MIN($B55,J$4)*MAX($C55,J$5) -> 6 | K55: =MIN($B55,K$4)*MAX($C55,K$5) -> 6 | L55: =MIN($B55,L$4)*MAX($C55,L$5) -> 6 | ... AZ55: =MIN($B55,AZ$4)*MAX($C55,AZ$5) -> 6
A56: ='2'!A33 -> P 31 | B56: ='2'!M33 -> 1 | C56: ='2'!N33 -> 6 | E56: =MIN($B56,E$4)*MAX($C56,E$5) -> 6 | F56: =MIN($B56,F$4)*MAX($C56,F$5) -> 6 | G56: =MIN($B56,G$4)*MAX($C56,G$5) -> 6 | H56: =MIN($B56,H$4)*MAX($C56,H$5) -> 6 | I56: =MIN($B56,I$4)*MAX($C56,I$5) -> 6 | J56: =MIN($B56,J$4)*MAX($C56,J$5) -> 6 | K56: =MIN($B56,K$4)*MAX($C56,K$5) -> 6 | L56: =MIN($B56,L$4)*MAX($C56,L$5) -> 6 | ... BA56: =MIN($B56,BA$4)*MAX($C56,BA$5) -> 6
A57: ='2'!A34 -> P 32 | B57: ='2'!M34 -> 2 | C57: ='2'!N34 -> 3 | E57: =MIN($B57,E$4)*MAX($C57,E$5) -> 6 | F57: =MIN($B57,F$4)*MAX($C57,F$5) -> 6 | G57: =MIN($B57,G$4)*MAX($C57,G$5) -> 6 | H57: =MIN($B57,H$4)*MAX($C57,H$5) -> 6 | I57: =MIN($B57,I$4)*MAX($C57,I$5) -> 3 | J57: =MIN($B57,J$4)*MAX($C57,J$5) -> 6 | K57: =MIN($B57,K$4)*MAX($C57,K$5) -> 6 | L57: =MIN($B57,L$4)*MAX($C57,L$5) -> 6 | ... BB57: =MIN($B57,BB$4)*MAX($C57,BB$5) -> 6
A58: ='2'!A35 -> P 33 | B58: ='2'!M35 -> 2 | C58: ='2'!N35 -> 3 | E58: =MIN($B58,E$4)*MAX($C58,E$5) -> 6 | F58: =MIN($B58,F$4)*MAX($C58,F$5) -> 6 | G58: =MIN($B58,G$4)*MAX($C58,G$5) -> 6 | H58: =MIN($B58,H$4)*MAX($C58,H$5) -> 6 | I58: =MIN($B58,I$4)*MAX($C58,I$5) -> 3 | J58: =MIN($B58,J$4)*MAX($C58,J$5) -> 6 | K58: =MIN($B58,K$4)*MAX($C58,K$5) -> 6 | L58: =MIN($B58,L$4)*MAX($C58,L$5) -> 6 | ... BC58: =MIN($B58,BC$4)*MAX($C58,BC$5) -> 6
A59: ='2'!A36 -> P 34 | B59: ='2'!M36 -> 1 | C59: ='2'!N36 -> 3 | E59: =MIN($B59,E$4)*MAX($C59,E$5) -> 6 | F59: =MIN($B59,F$4)*MAX($C59,F$5) -> 6 | G59: =MIN($B59,G$4)*MAX($C59,G$5) -> 6 | H59: =MIN($B59,H$4)*MAX($C59,H$5) -> 6 | I59: =MIN($B59,I$4)*MAX($C59,I$5) -> 3 | J59: =MIN($B59,J$4)*MAX($C59,J$5) -> 6 | K59: =MIN($B59,K$4)*MAX($C59,K$5) -> 6 | L59: =MIN($B59,L$4)*MAX($C59,L$5) -> 6 | ... BD59: =MIN($B59,BD$4)*MAX($C59,BD$5) -> 3
A60: ='2'!A37 -> P 35 | B60: ='2'!M37 -> 1 | C60: ='2'!N37 -> 6 | E60: =MIN($B60,E$4)*MAX($C60,E$5) -> 6 | F60: =MIN($B60,F$4)*MAX($C60,F$5) -> 6 | G60: =MIN($B60,G$4)*MAX($C60,G$5) -> 6 | H60: =MIN($B60,H$4)*MAX($C60,H$5) -> 6 | I60: =MIN($B60,I$4)*MAX($C60,I$5) -> 6 | J60: =MIN($B60,J$4)*MAX($C60,J$5) -> 6 | K60: =MIN($B60,K$4)*MAX($C60,K$5) -> 6 | L60: =MIN($B60,L$4)*MAX($C60,L$5) -> 6 | ... BE60: =MIN($B60,BE$4)*MAX($C60,BE$5) -> 6
A61: ='2'!A38 -> P 36 | B61: ='2'!M38 -> 2 | C61: ='2'!N38 -> 3 | E61: =MIN($B61,E$4)*MAX($C61,E$5) -> 6 | F61: =MIN($B61,F$4)*MAX($C61,F$5) -> 6 | G61: =MIN($B61,G$4)*MAX($C61,G$5) -> 6 | H61: =MIN($B61,H$4)*MAX($C61,H$5) -> 6 | I61: =MIN($B61,I$4)*MAX($C61,I$5) -> 3 | J61: =MIN($B61,J$4)*MAX($C61,J$5) -> 6 | K61: =MIN($B61,K$4)*MAX($C61,K$5) -> 6 | L61: =MIN($B61,L$4)*MAX($C61,L$5) -> 6 | ... BF61: =MIN($B61,BF$4)*MAX($C61,BF$5) -> 6
A62: ='2'!A39 -> P 37 | B62: ='2'!M39 -> 1 | C62: ='2'!N39 -> 6 | E62: =MIN($B62,E$4)*MAX($C62,E$5) -> 6 | F62: =MIN($B62,F$4)*MAX($C62,F$5) -> 6 | G62: =MIN($B62,G$4)*MAX($C62,G$5) -> 6 | H62: =MIN($B62,H$4)*MAX($C62,H$5) -> 6 | I62: =MIN($B62,I$4)*MAX($C62,I$5) -> 6 | J62: =MIN($B62,J$4)*MAX($C62,J$5) -> 6 | K62: =MIN($B62,K$4)*MAX($C62,K$5) -> 6 | L62: =MIN($B62,L$4)*MAX($C62,L$5) -> 6 | ... BG62: =MIN($B62,BG$4)*MAX($C62,BG$5) -> 6
A63: ='2'!A40 -> P 38 | B63: ='2'!M40 -> 1 | C63: ='2'!N40 -> 3 | E63: =MIN($B63,E$4)*MAX($C63,E$5) -> 6 | F63: =MIN($B63,F$4)*MAX($C63,F$5) -> 6 | G63: =MIN($B63,G$4)*MAX($C63,G$5) -> 6 | H63: =MIN($B63,H$4)*MAX($C63,H$5) -> 6 | I63: =MIN($B63,I$4)*MAX($C63,I$5) -> 3 | J63: =MIN($B63,J$4)*MAX($C63,J$5) -> 6 | K63: =MIN($B63,K$4)*MAX($C63,K$5) -> 6 | L63: =MIN($B63,L$4)*MAX($C63,L$5) -> 6 | ... BH63: =MIN($B63,BH$4)*MAX($C63,BH$5) -> 6
A64: ='2'!A41 -> P 39 | B64: ='2'!M41 -> 2 | C64: ='2'!N41 -> 1 | E64: =MIN($B64,E$4)*MAX($C64,E$5) -> 6 | F64: =MIN($B64,F$4)*MAX($C64,F$5) -> 6 | G64: =MIN($B64,G$4)*MAX($C64,G$5) -> 6 | H64: =MIN($B64,H$4)*MAX($C64,H$5) -> 6 | I64: =MIN($B64,I$4)*MAX($C64,I$5) -> 3 | J64: =MIN($B64,J$4)*MAX($C64,J$5) -> 6 | K64: =MIN($B64,K$4)*MAX($C64,K$5) -> 6 | L64: =MIN($B64,L$4)*MAX($C64,L$5) -> 6 | ... BI64: =MIN($B64,BI$4)*MAX($C64,BI$5) -> 3
A65: ='2'!A42 -> P 40 | B65: ='2'!M42 -> 1 | C65: ='2'!N42 -> 1 | E65: =MIN($B65,E$4)*MAX($C65,E$5) -> 6 | F65: =MIN($B65,F$4)*MAX($C65,F$5) -> 6 | G65: =MIN($B65,G$4)*MAX($C65,G$5) -> 6 | H65: =MIN($B65,H$4)*MAX($C65,H$5) -> 6 | I65: =MIN($B65,I$4)*MAX($C65,I$5) -> 3 | J65: =MIN($B65,J$4)*MAX($C65,J$5) -> 6 | K65: =MIN($B65,K$4)*MAX($C65,K$5) -> 6 | L65: =MIN($B65,L$4)*MAX($C65,L$5) -> 6 | ... BJ65: =MIN($B65,BJ$4)*MAX($C65,BJ$5) -> 1
A66: ='2'!A43 -> P 41 | B66: ='2'!M43 -> 1 | C66: ='2'!N43 -> 6 | E66: =MIN($B66,E$4)*MAX($C66,E$5) -> 6 | F66: =MIN($B66,F$4)*MAX($C66,F$5) -> 6 | G66: =MIN($B66,G$4)*MAX($C66,G$5) -> 6 | H66: =MIN($B66,H$4)*MAX($C66,H$5) -> 6 | I66: =MIN($B66,I$4)*MAX($C66,I$5) -> 6 | J66: =MIN($B66,J$4)*MAX($C66,J$5) -> 6 | K66: =MIN($B66,K$4)*MAX($C66,K$5) -> 6 | L66: =MIN($B66,L$4)*MAX($C66,L$5) -> 6 | ... BK66: =MIN($B66,BK$4)*MAX($C66,BK$5) -> 6
A67: ='2'!A44 -> P 42 | B67: ='2'!M44 -> 1 | C67: ='2'!N44 -> 6 | E67: =MIN($B67,E$4)*MAX($C67,E$5) -> 6 | F67: =MIN($B67,F$4)*MAX($C67,F$5) -> 6 | G67: =MIN($B67,G$4)*MAX($C67,G$5) -> 6 | H67: =MIN($B67,H$4)*MAX($C67,H$5) -> 6 | I67: =MIN($B67,I$4)*MAX($C67,I$5) -> 6 | J67: =MIN($B67,J$4)*MAX($C67,J$5) -> 6 | K67: =MIN($B67,K$4)*MAX($C67,K$5) -> 6 | L67: =MIN($B67,L$4)*MAX($C67,L$5) -> 6 | ... BL67: =MIN($B67,BL$4)*MAX($C67,BL$5) -> 6
A68: ='2'!A45 -> P 43 | B68: ='2'!M45 -> 1 | C68: ='2'!N45 -> 6 | E68: =MIN($B68,E$4)*MAX($C68,E$5) -> 6 | F68: =MIN($B68,F$4)*MAX($C68,F$5) -> 6 | G68: =MIN($B68,G$4)*MAX($C68,G$5) -> 6 | H68: =MIN($B68,H$4)*MAX($C68,H$5) -> 6 | I68: =MIN($B68,I$4)*MAX($C68,I$5) -> 6 | J68: =MIN($B68,J$4)*MAX($C68,J$5) -> 6 | K68: =MIN($B68,K$4)*MAX($C68,K$5) -> 6 | L68: =MIN($B68,L$4)*MAX($C68,L$5) -> 6 | ... BM68: =MIN($B68,BM$4)*MAX($C68,BM$5) -> 6
A69: ='2'!A46 -> P 44 | B69: ='2'!M46 -> 1 | C69: ='2'!N46 -> 6 | E69: =MIN($B69,E$4)*MAX($C69,E$5) -> 6 | F69: =MIN($B69,F$4)*MAX($C69,F$5) -> 6 | G69: =MIN($B69,G$4)*MAX($C69,G$5) -> 6 | H69: =MIN($B69,H$4)*MAX($C69,H$5) -> 6 | I69: =MIN($B69,I$4)*MAX($C69,I$5) -> 6 | J69: =MIN($B69,J$4)*MAX($C69,J$5) -> 6 | K69: =MIN($B69,K$4)*MAX($C69,K$5) -> 6 | L69: =MIN($B69,L$4)*MAX($C69,L$5) -> 6 | ... BN69: =MIN($B69,BN$4)*MAX($C69,BN$5) -> 6
A70: ='2'!A47 -> P 45 | B70: ='2'!M47 -> 1 | C70: ='2'!N47 -> 1 | E70: =MIN($B70,E$4)*MAX($C70,E$5) -> 6 | F70: =MIN($B70,F$4)*MAX($C70,F$5) -> 6 | G70: =MIN($B70,G$4)*MAX($C70,G$5) -> 6 | H70: =MIN($B70,H$4)*MAX($C70,H$5) -> 6 | I70: =MIN($B70,I$4)*MAX($C70,I$5) -> 3 | J70: =MIN($B70,J$4)*MAX($C70,J$5) -> 6 | K70: =MIN($B70,K$4)*MAX($C70,K$5) -> 6 | L70: =MIN($B70,L$4)*MAX($C70,L$5) -> 6 | ... BO70: =MIN($B70,BO$4)*MAX($C70,BO$5) -> 6
A71: ='2'!A48 -> P 46 | B71: ='2'!M48 -> 2 | C71: ='2'!N48 -> 1 | E71: =MIN($B71,E$4)*MAX($C71,E$5) -> 6 | F71: =MIN($B71,F$4)*MAX($C71,F$5) -> 6 | G71: =MIN($B71,G$4)*MAX($C71,G$5) -> 6 | H71: =MIN($B71,H$4)*MAX($C71,H$5) -> 6 | I71: =MIN($B71,I$4)*MAX($C71,I$5) -> 3 | J71: =MIN($B71,J$4)*MAX($C71,J$5) -> 6 | K71: =MIN($B71,K$4)*MAX($C71,K$5) -> 6 | L71: =MIN($B71,L$4)*MAX($C71,L$5) -> 6 | ... BP71: =MIN($B71,BP$4)*MAX($C71,BP$5) -> 1
A72: ='2'!A49 -> P 47 | B72: ='2'!M49 -> 2 | C72: ='2'!N49 -> 1 | E72: =MIN($B72,E$4)*MAX($C72,E$5) -> 6 | F72: =MIN($B72,F$4)*MAX($C72,F$5) -> 6 | G72: =MIN($B72,G$4)*MAX($C72,G$5) -> 6 | H72: =MIN($B72,H$4)*MAX($C72,H$5) -> 6 | I72: =MIN($B72,I$4)*MAX($C72,I$5) -> 3 | J72: =MIN($B72,J$4)*MAX($C72,J$5) -> 6 | K72: =MIN($B72,K$4)*MAX($C72,K$5) -> 6 | L72: =MIN($B72,L$4)*MAX($C72,L$5) -> 6 | ... BQ72: =MIN($B72,BQ$4)*MAX($C72,BQ$5) -> 2
A73: ='2'!A50 -> P 48 | B73: ='2'!M50 -> 1 | C73: ='2'!N50 -> 1 | E73: =MIN($B73,E$4)*MAX($C73,E$5) -> 6 | F73: =MIN($B73,F$4)*MAX($C73,F$5) -> 6 | G73: =MIN($B73,G$4)*MAX($C73,G$5) -> 6 | H73: =MIN($B73,H$4)*MAX($C73,H$5) -> 6 | I73: =MIN($B73,I$4)*MAX($C73,I$5) -> 3 | J73: =MIN($B73,J$4)*MAX($C73,J$5) -> 6 | K73: =MIN($B73,K$4)*MAX($C73,K$5) -> 6 | L73: =MIN($B73,L$4)*MAX($C73,L$5) -> 6 | ... BR73: =MIN($B73,BR$4)*MAX($C73,BR$5) -> 1
A74: ='2'!A51 -> P 49 | B74: ='2'!M51 -> 1 | C74: ='2'!N51 -> 6 | E74: =MIN($B74,E$4)*MAX($C74,E$5) -> 6 | F74: =MIN($B74,F$4)*MAX($C74,F$5) -> 6 | G74: =MIN($B74,G$4)*MAX($C74,G$5) -> 6 | H74: =MIN($B74,H$4)*MAX($C74,H$5) -> 6 | I74: =MIN($B74,I$4)*MAX($C74,I$5) -> 6 | J74: =MIN($B74,J$4)*MAX($C74,J$5) -> 6 | K74: =MIN($B74,K$4)*MAX($C74,K$5) -> 6 | L74: =MIN($B74,L$4)*MAX($C74,L$5) -> 6 | ... BS74: =MIN($B74,BS$4)*MAX($C74,BS$5) -> 6
A75: ='2'!A52 -> P 50 | B75: ='2'!M52 -> 1 | C75: ='2'!N52 -> 6 | E75: =MIN($B75,E$4)*MAX($C75,E$5) -> 6 | F75: =MIN($B75,F$4)*MAX($C75,F$5) -> 6 | G75: =MIN($B75,G$4)*MAX($C75,G$5) -> 6 | H75: =MIN($B75,H$4)*MAX($C75,H$5) -> 6 | I75: =MIN($B75,I$4)*MAX($C75,I$5) -> 6 | J75: =MIN($B75,J$4)*MAX($C75,J$5) -> 6 | K75: =MIN($B75,K$4)*MAX($C75,K$5) -> 6 | L75: =MIN($B75,L$4)*MAX($C75,L$5) -> 6 | ... BT75: =MIN($B75,BT$4)*MAX($C75,BT$5) -> 6
A76: ='2'!A53 -> P 51 | B76: ='2'!M53 -> 1 | C76: ='2'!N53 -> 6 | E76: =MIN($B76,E$4)*MAX($C76,E$5) -> 6 | F76: =MIN($B76,F$4)*MAX($C76,F$5) -> 6 | G76: =MIN($B76,G$4)*MAX($C76,G$5) -> 6 | H76: =MIN($B76,H$4)*MAX($C76,H$5) -> 6 | I76: =MIN($B76,I$4)*MAX($C76,I$5) -> 6 | J76: =MIN($B76,J$4)*MAX($C76,J$5) -> 6 | K76: =MIN($B76,K$4)*MAX($C76,K$5) -> 6 | L76: =MIN($B76,L$4)*MAX($C76,L$5) -> 6 | ... BU76: =MIN($B76,BU$4)*MAX($C76,BU$5) -> 6
A77: ='2'!A54 -> P 52 | B77: ='2'!M54 -> 2 | C77: ='2'!N54 -> 3 | E77: =MIN($B77,E$4)*MAX($C77,E$5) -> 6 | F77: =MIN($B77,F$4)*MAX($C77,F$5) -> 6 | G77: =MIN($B77,G$4)*MAX($C77,G$5) -> 6 | H77: =MIN($B77,H$4)*MAX($C77,H$5) -> 6 | I77: =MIN($B77,I$4)*MAX($C77,I$5) -> 3 | J77: =MIN($B77,J$4)*MAX($C77,J$5) -> 6 | K77: =MIN($B77,K$4)*MAX($C77,K$5) -> 6 | L77: =MIN($B77,L$4)*MAX($C77,L$5) -> 6 | ... BV77: =MIN($B77,BV$4)*MAX($C77,BV$5) -> 6
A78: ='2'!A55 -> P 53 | B78: ='2'!M55 -> 2 | C78: ='2'!N55 -> 3 | E78: =MIN($B78,E$4)*MAX($C78,E$5) -> 6 | F78: =MIN($B78,F$4)*MAX($C78,F$5) -> 6 | G78: =MIN($B78,G$4)*MAX($C78,G$5) -> 6 | H78: =MIN($B78,H$4)*MAX($C78,H$5) -> 6 | I78: =MIN($B78,I$4)*MAX($C78,I$5) -> 3 | J78: =MIN($B78,J$4)*MAX($C78,J$5) -> 6 | K78: =MIN($B78,K$4)*MAX($C78,K$5) -> 6 | L78: =MIN($B78,L$4)*MAX($C78,L$5) -> 6 | ... BW78: =MIN($B78,BW$4)*MAX($C78,BW$5) -> 6
A79: ='2'!A56 -> P 54 | B79: ='2'!M56 -> 2 | C79: ='2'!N56 -> 3 | E79: =MIN($B79,E$4)*MAX($C79,E$5) -> 6 | F79: =MIN($B79,F$4)*MAX($C79,F$5) -> 6 | G79: =MIN($B79,G$4)*MAX($C79,G$5) -> 6 | H79: =MIN($B79,H$4)*MAX($C79,H$5) -> 6 | I79: =MIN($B79,I$4)*MAX($C79,I$5) -> 3 | J79: =MIN($B79,J$4)*MAX($C79,J$5) -> 6 | K79: =MIN($B79,K$4)*MAX($C79,K$5) -> 6 | L79: =MIN($B79,L$4)*MAX($C79,L$5) -> 6 | ... BX79: =MIN($B79,BX$4)*MAX($C79,BX$5) -> 6
A80: ='2'!A57 -> P 55 | B80: ='2'!M57 -> 1 | C80: ='2'!N57 -> 6 | E80: =MIN($B80,E$4)*MAX($C80,E$5) -> 6 | F80: =MIN($B80,F$4)*MAX($C80,F$5) -> 6 | G80: =MIN($B80,G$4)*MAX($C80,G$5) -> 6 | H80: =MIN($B80,H$4)*MAX($C80,H$5) -> 6 | I80: =MIN($B80,I$4)*MAX($C80,I$5) -> 6 | J80: =MIN($B80,J$4)*MAX($C80,J$5) -> 6 | K80: =MIN($B80,K$4)*MAX($C80,K$5) -> 6 | L80: =MIN($B80,L$4)*MAX($C80,L$5) -> 6 | ... BY80: =MIN($B80,BY$4)*MAX($C80,BY$5) -> 6
A81: ='2'!A58 -> P C1 | B81: ='2'!M58 -> 0 | C81: ='2'!N58 -> 0 | E81: =MIN($B81,E$4)*MAX($C81,E$5) -> 0 | F81: =MIN($B81,F$4)*MAX($C81,F$5) -> 0 | G81: =MIN($B81,G$4)*MAX($C81,G$5) -> 0 | H81: =MIN($B81,H$4)*MAX($C81,H$5) -> 0 | I81: =MIN($B81,I$4)*MAX($C81,I$5) -> 0 | J81: =MIN($B81,J$4)*MAX($C81,J$5) -> 0 | K81: =MIN($B81,K$4)*MAX($C81,K$5) -> 0 | L81: =MIN($B81,L$4)*MAX($C81,L$5) -> 0 | ... BZ81: =MIN($B81,BZ$4)*MAX($C81,BZ$5) -> 0
A82: ='2'!A59 -> P 56 | B82: ='2'!M59 -> 1 | C82: ='2'!N59 -> 3 | E82: =MIN($B82,E$4)*MAX($C82,E$5) -> 6 | F82: =MIN($B82,F$4)*MAX($C82,F$5) -> 6 | G82: =MIN($B82,G$4)*MAX($C82,G$5) -> 6 | H82: =MIN($B82,H$4)*MAX($C82,H$5) -> 6 | I82: =MIN($B82,I$4)*MAX($C82,I$5) -> 3 | J82: =MIN($B82,J$4)*MAX($C82,J$5) -> 6 | K82: =MIN($B82,K$4)*MAX($C82,K$5) -> 6 | L82: =MIN($B82,L$4)*MAX($C82,L$5) -> 6 | ... CA82: =MIN($B82,CA$4)*MAX($C82,CA$5) -> 0
A83: ='2'!A60 -> P 57 | B83: ='2'!M60 -> 1 | C83: ='2'!N60 -> 3 | E83: =MIN($B83,E$4)*MAX($C83,E$5) -> 6 | F83: =MIN($B83,F$4)*MAX($C83,F$5) -> 6 | G83: =MIN($B83,G$4)*MAX($C83,G$5) -> 6 | H83: =MIN($B83,H$4)*MAX($C83,H$5) -> 6 | I83: =MIN($B83,I$4)*MAX($C83,I$5) -> 3 | J83: =MIN($B83,J$4)*MAX($C83,J$5) -> 6 | K83: =MIN($B83,K$4)*MAX($C83,K$5) -> 6 | L83: =MIN($B83,L$4)*MAX($C83,L$5) -> 6 | ... CB83: =MIN($B83,CB$4)*MAX($C83,CB$5) -> 3
A84: ='2'!A61 -> P 58 | B84: ='2'!M61 -> 1 | C84: ='2'!N61 -> 6 | E84: =MIN($B84,E$4)*MAX($C84,E$5) -> 6 | F84: =MIN($B84,F$4)*MAX($C84,F$5) -> 6 | G84: =MIN($B84,G$4)*MAX($C84,G$5) -> 6 | H84: =MIN($B84,H$4)*MAX($C84,H$5) -> 6 | I84: =MIN($B84,I$4)*MAX($C84,I$5) -> 6 | J84: =MIN($B84,J$4)*MAX($C84,J$5) -> 6 | K84: =MIN($B84,K$4)*MAX($C84,K$5) -> 6 | L84: =MIN($B84,L$4)*MAX($C84,L$5) -> 6 | ... CC84: =MIN($B84,CC$4)*MAX($C84,CC$5) -> 6
A85: ='2'!A62 -> P 59 | B85: ='2'!M62 -> 1 | C85: ='2'!N62 -> 3 | E85: =MIN($B85,E$4)*MAX($C85,E$5) -> 6 | F85: =MIN($B85,F$4)*MAX($C85,F$5) -> 6 | G85: =MIN($B85,G$4)*MAX($C85,G$5) -> 6 | H85: =MIN($B85,H$4)*MAX($C85,H$5) -> 6 | I85: =MIN($B85,I$4)*MAX($C85,I$5) -> 3 | J85: =MIN($B85,J$4)*MAX($C85,J$5) -> 6 | K85: =MIN($B85,K$4)*MAX($C85,K$5) -> 6 | L85: =MIN($B85,L$4)*MAX($C85,L$5) -> 6 | ... CD85: =MIN($B85,CD$4)*MAX($C85,CD$5) -> 6
A86: ='2'!A63 -> P 60 | B86: ='2'!M63 -> 1 | C86: ='2'!N63 -> 6 | E86: =MIN($B86,E$4)*MAX($C86,E$5) -> 6 | F86: =MIN($B86,F$4)*MAX($C86,F$5) -> 6 | G86: =MIN($B86,G$4)*MAX($C86,G$5) -> 6 | H86: =MIN($B86,H$4)*MAX($C86,H$5) -> 6 | I86: =MIN($B86,I$4)*MAX($C86,I$5) -> 6 | J86: =MIN($B86,J$4)*MAX($C86,J$5) -> 6 | K86: =MIN($B86,K$4)*MAX($C86,K$5) -> 6 | L86: =MIN($B86,L$4)*MAX($C86,L$5) -> 6 | ... CE86: =MIN($B86,CE$4)*MAX($C86,CE$5) -> 6
A87: ='2'!A64 -> P 61 | B87: ='2'!M64 -> 1 | C87: ='2'!N64 -> 3 | E87: =MIN($B87,E$4)*MAX($C87,E$5) -> 6 | F87: =MIN($B87,F$4)*MAX($C87,F$5) -> 6 | G87: =MIN($B87,G$4)*MAX($C87,G$5) -> 6 | H87: =MIN($B87,H$4)*MAX($C87,H$5) -> 6 | I87: =MIN($B87,I$4)*MAX($C87,I$5) -> 3 | J87: =MIN($B87,J$4)*MAX($C87,J$5) -> 6 | K87: =MIN($B87,K$4)*MAX($C87,K$5) -> 6 | L87: =MIN($B87,L$4)*MAX($C87,L$5) -> 6 | ... CF87: =MIN($B87,CF$4)*MAX($C87,CF$5) -> 6
A88: ='2'!A65 -> P 62 | B88: ='2'!M65 -> 2 | C88: ='2'!N65 -> 3 | E88: =MIN($B88,E$4)*MAX($C88,E$5) -> 6 | F88: =MIN($B88,F$4)*MAX($C88,F$5) -> 6 | G88: =MIN($B88,G$4)*MAX($C88,G$5) -> 6 | H88: =MIN($B88,H$4)*MAX($C88,H$5) -> 6 | I88: =MIN($B88,I$4)*MAX($C88,I$5) -> 3 | J88: =MIN($B88,J$4)*MAX($C88,J$5) -> 6 | K88: =MIN($B88,K$4)*MAX($C88,K$5) -> 6 | L88: =MIN($B88,L$4)*MAX($C88,L$5) -> 6 | ... CG88: =MIN($B88,CG$4)*MAX($C88,CG$5) -> 3
A89: ='2'!A66 -> P 63 | B89: ='2'!M66 -> 1 | C89: ='2'!N66 -> 3 | E89: =MIN($B89,E$4)*MAX($C89,E$5) -> 6 | F89: =MIN($B89,F$4)*MAX($C89,F$5) -> 6 | G89: =MIN($B89,G$4)*MAX($C89,G$5) -> 6 | H89: =MIN($B89,H$4)*MAX($C89,H$5) -> 6 | I89: =MIN($B89,I$4)*MAX($C89,I$5) -> 3 | J89: =MIN($B89,J$4)*MAX($C89,J$5) -> 6 | K89: =MIN($B89,K$4)*MAX($C89,K$5) -> 6 | L89: =MIN($B89,L$4)*MAX($C89,L$5) -> 6 | ... CH89: =MIN($B89,CH$4)*MAX($C89,CH$5) -> 3
A90: ='2'!A67 -> P 64 | B90: ='2'!M67 -> 1 | C90: ='2'!N67 -> 3 | E90: =MIN($B90,E$4)*MAX($C90,E$5) -> 6 | F90: =MIN($B90,F$4)*MAX($C90,F$5) -> 6 | G90: =MIN($B90,G$4)*MAX($C90,G$5) -> 6 | H90: =MIN($B90,H$4)*MAX($C90,H$5) -> 6 | I90: =MIN($B90,I$4)*MAX($C90,I$5) -> 3 | J90: =MIN($B90,J$4)*MAX($C90,J$5) -> 6 | K90: =MIN($B90,K$4)*MAX($C90,K$5) -> 6 | L90: =MIN($B90,L$4)*MAX($C90,L$5) -> 6 | ... CI90: =MIN($B90,CI$4)*MAX($C90,CI$5) -> 3
A91: ='2'!A68 -> P 65 | B91: ='2'!M68 -> 1 | C91: ='2'!N68 -> 6 | E91: =MIN($B91,E$4)*MAX($C91,E$5) -> 6 | F91: =MIN($B91,F$4)*MAX($C91,F$5) -> 6 | G91: =MIN($B91,G$4)*MAX($C91,G$5) -> 6 | H91: =MIN($B91,H$4)*MAX($C91,H$5) -> 6 | I91: =MIN($B91,I$4)*MAX($C91,I$5) -> 6 | J91: =MIN($B91,J$4)*MAX($C91,J$5) -> 6 | K91: =MIN($B91,K$4)*MAX($C91,K$5) -> 6 | L91: =MIN($B91,L$4)*MAX($C91,L$5) -> 6 | ... CJ91: =MIN($B91,CJ$4)*MAX($C91,CJ$5) -> 6
A92: ='2'!A69 -> P 66 | B92: ='2'!M69 -> 1 | C92: ='2'!N69 -> 6 | E92: =MIN($B92,E$4)*MAX($C92,E$5) -> 6 | F92: =MIN($B92,F$4)*MAX($C92,F$5) -> 6 | G92: =MIN($B92,G$4)*MAX($C92,G$5) -> 6 | H92: =MIN($B92,H$4)*MAX($C92,H$5) -> 6 | I92: =MIN($B92,I$4)*MAX($C92,I$5) -> 6 | J92: =MIN($B92,J$4)*MAX($C92,J$5) -> 6 | K92: =MIN($B92,K$4)*MAX($C92,K$5) -> 6 | L92: =MIN($B92,L$4)*MAX($C92,L$5) -> 6 | ... CK92: =MIN($B92,CK$4)*MAX($C92,CK$5) -> 6
A93: ='2'!A70 -> P 67 | B93: ='2'!M70 -> 1 | C93: ='2'!N70 -> 6 | E93: =MIN($B93,E$4)*MAX($C93,E$5) -> 6 | F93: =MIN($B93,F$4)*MAX($C93,F$5) -> 6 | G93: =MIN($B93,G$4)*MAX($C93,G$5) -> 6 | H93: =MIN($B93,H$4)*MAX($C93,H$5) -> 6 | I93: =MIN($B93,I$4)*MAX($C93,I$5) -> 6 | J93: =MIN($B93,J$4)*MAX($C93,J$5) -> 6 | K93: =MIN($B93,K$4)*MAX($C93,K$5) -> 6 | L93: =MIN($B93,L$4)*MAX($C93,L$5) -> 6 | ... CL93: =MIN($B93,CL$4)*MAX($C93,CL$5) -> 6
A94: ='2'!A71 -> P 68 | B94: ='2'!M71 -> 1 | C94: ='2'!N71 -> 6 | E94: =MIN($B94,E$4)*MAX($C94,E$5) -> 6 | F94: =MIN($B94,F$4)*MAX($C94,F$5) -> 6 | G94: =MIN($B94,G$4)*MAX($C94,G$5) -> 6 | H94: =MIN($B94,H$4)*MAX($C94,H$5) -> 6 | I94: =MIN($B94,I$4)*MAX($C94,I$5) -> 6 | J94: =MIN($B94,J$4)*MAX($C94,J$5) -> 6 | K94: =MIN($B94,K$4)*MAX($C94,K$5) -> 6 | L94: =MIN($B94,L$4)*MAX($C94,L$5) -> 6 | ... CM94: =MIN($B94,CM$4)*MAX($C94,CM$5) -> 6
A95: ='2'!A72 -> P 69 | B95: ='2'!M72 -> 1 | C95: ='2'!N72 -> 6 | E95: =MIN($B95,E$4)*MAX($C95,E$5) -> 6 | F95: =MIN($B95,F$4)*MAX($C95,F$5) -> 6 | G95: =MIN($B95,G$4)*MAX($C95,G$5) -> 6 | H95: =MIN($B95,H$4)*MAX($C95,H$5) -> 6 | I95: =MIN($B95,I$4)*MAX($C95,I$5) -> 6 | J95: =MIN($B95,J$4)*MAX($C95,J$5) -> 6 | K95: =MIN($B95,K$4)*MAX($C95,K$5) -> 6 | L95: =MIN($B95,L$4)*MAX($C95,L$5) -> 6 | ... CN95: =MIN($B95,CN$4)*MAX($C95,CN$5) -> 6
A96: ='2'!A73 -> P 70 | B96: ='2'!M73 -> 1 | C96: ='2'!N73 -> 3 | E96: =MIN($B96,E$4)*MAX($C96,E$5) -> 6 | F96: =MIN($B96,F$4)*MAX($C96,F$5) -> 6 | G96: =MIN($B96,G$4)*MAX($C96,G$5) -> 6 | H96: =MIN($B96,H$4)*MAX($C96,H$5) -> 6 | I96: =MIN($B96,I$4)*MAX($C96,I$5) -> 3 | J96: =MIN($B96,J$4)*MAX($C96,J$5) -> 6 | K96: =MIN($B96,K$4)*MAX($C96,K$5) -> 6 | L96: =MIN($B96,L$4)*MAX($C96,L$5) -> 6 | ... CO96: =MIN($B96,CO$4)*MAX($C96,CO$5) -> 6
A97: ='2'!A74 -> P 71 | B97: ='2'!M74 -> 1 | C97: ='2'!N74 -> 6 | E97: =MIN($B97,E$4)*MAX($C97,E$5) -> 6 | F97: =MIN($B97,F$4)*MAX($C97,F$5) -> 6 | G97: =MIN($B97,G$4)*MAX($C97,G$5) -> 6 | H97: =MIN($B97,H$4)*MAX($C97,H$5) -> 6 | I97: =MIN($B97,I$4)*MAX($C97,I$5) -> 6 | J97: =MIN($B97,J$4)*MAX($C97,J$5) -> 6 | K97: =MIN($B97,K$4)*MAX($C97,K$5) -> 6 | L97: =MIN($B97,L$4)*MAX($C97,L$5) -> 6 | ... CP97: =MIN($B97,CP$4)*MAX($C97,CP$5) -> 6
A98: ='2'!A75 -> P 72 | B98: ='2'!M75 -> 1 | C98: ='2'!N75 -> 1 | E98: =MIN($B98,E$4)*MAX($C98,E$5) -> 6 | F98: =MIN($B98,F$4)*MAX($C98,F$5) -> 6 | G98: =MIN($B98,G$4)*MAX($C98,G$5) -> 6 | H98: =MIN($B98,H$4)*MAX($C98,H$5) -> 6 | I98: =MIN($B98,I$4)*MAX($C98,I$5) -> 3 | J98: =MIN($B98,J$4)*MAX($C98,J$5) -> 6 | K98: =MIN($B98,K$4)*MAX($C98,K$5) -> 6 | L98: =MIN($B98,L$4)*MAX($C98,L$5) -> 6 | ... CQ98: =MIN($B98,CQ$4)*MAX($C98,CQ$5) -> 6
A99: ='2'!A76 -> P 73 | B99: ='2'!M76 -> 2 | C99: ='2'!N76 -> 1 | E99: =MIN($B99,E$4)*MAX($C99,E$5) -> 6 | F99: =MIN($B99,F$4)*MAX($C99,F$5) -> 6 | G99: =MIN($B99,G$4)*MAX($C99,G$5) -> 6 | H99: =MIN($B99,H$4)*MAX($C99,H$5) -> 6 | I99: =MIN($B99,I$4)*MAX($C99,I$5) -> 3 | J99: =MIN($B99,J$4)*MAX($C99,J$5) -> 6 | K99: =MIN($B99,K$4)*MAX($C99,K$5) -> 6 | L99: =MIN($B99,L$4)*MAX($C99,L$5) -> 6 | ... CR99: =MIN($B99,CR$4)*MAX($C99,CR$5) -> 1
A100: ='2'!A77 -> P 74 | B100: ='2'!M77 -> 2 | C100: ='2'!N77 -> 1 | E100: =MIN($B100,E$4)*MAX($C100,E$5) -> 6 | F100: =MIN($B100,F$4)*MAX($C100,F$5) -> 6 | G100: =MIN($B100,G$4)*MAX($C100,G$5) -> 6 | H100: =MIN($B100,H$4)*MAX($C100,H$5) -> 6 | I100: =MIN($B100,I$4)*MAX($C100,I$5) -> 3 | J100: =MIN($B100,J$4)*MAX($C100,J$5) -> 6 | K100: =MIN($B100,K$4)*MAX($C100,K$5) -> 6 | L100: =MIN($B100,L$4)*MAX($C100,L$5) -> 6 | ... CS100: =MIN($B100,CS$4)*MAX($C100,CS$5) -> 2
A101: ='2'!A78 -> P 75 | B101: ='2'!M78 -> 1 | C101: ='2'!N78 -> 6 | E101: =MIN($B101,E$4)*MAX($C101,E$5) -> 6 | F101: =MIN($B101,F$4)*MAX($C101,F$5) -> 6 | G101: =MIN($B101,G$4)*MAX($C101,G$5) -> 6 | H101: =MIN($B101,H$4)*MAX($C101,H$5) -> 6 | I101: =MIN($B101,I$4)*MAX($C101,I$5) -> 6 | J101: =MIN($B101,J$4)*MAX($C101,J$5) -> 6 | K101: =MIN($B101,K$4)*MAX($C101,K$5) -> 6 | L101: =MIN($B101,L$4)*MAX($C101,L$5) -> 6 | ... CT101: =MIN($B101,CT$4)*MAX($C101,CT$5) -> 6
...
